 Dungeon Crawl Stone Soup version 0.25-b1-37-g2669288c55 (webtiles) character file.

Game seed: 12506972640533334863

1013702 Kono the Conqueror (level 27, 0/179 HPs)
             Began as a Gargoyle Monk on May 31, 2020.
             Was an Initiate of Gozag.
             Slain by a balrug
             ... wielding a +0 demon whip
              (10 damage)
             ... on level 1 of the Abyss on June 5, 2020.
             The game lasted 1 day 11:17:46 (168409 turns).

Kono the Conqueror (Gargoyle Monk)            Turns: 168409, Time: 1 , 11:17:47

Health: 0/179      AC: 74    Str: 26 (27) XL:     27
Magic:  49/49      EV: 12    Int: 18      God:    Gozag
Gold:   947        SH: 29    Dex: 10      Spells: 42/51 levels left

rFire    + . .     SeeInvis +   c - +8 autumn katana {vorpal, Clar}
rCold    + + .     Gourm    .   i - +5 kite shield of Wyaso {Slay+3 Stlth+}
rNeg     + + .     Faith    .   k - +12 gold dragon scales
rPois    ∞         Spirit   .   A - +2 helmet {Int+3}
rElec    +         Reflect  +   D - +2 cloak of Cerchod {rElec rN+ MP+9 Int+3}
rCorr    .         Harm     .   p - +0 pair of gloves "Vinkit" {Regen+ MP+9}
MR       ++++.     Clarity  +   h - +2 pair of boots {Fly} Stlth ..........Rnd*Tele +
                                s - amulet of reflection
HPRegen  0.79/turn              F - ring "Jewax" {rElec rPois rC+ Str+3 SInv}
MPRegen  0.31/turn              e - ring of the Mage {Wiz MR++ Int+3}

@: gold aura
A: big wings, fangs 1, blurry vision 1, clumsy 2, deterioration 1, dopey 1,
frail 1, low mp 2, negative energy resistance 1, sense surroundings 1, screaming
2, electricity resistance, teleportitis 3, weak 1, unbreathing, petrification
resistance, no potion heal 1, rot immunity, no stealth, hated by all, no earth
magic, no translocations magic, no transmutations magic, unskilled 1, AC +20
}: 5/15 runes: barnacled, slimy, silver, abyssal, gossamer
a: Fly, Potion Petition, Call Merchant, Renounce Religion, Evoke Flight


You were on level 1 of the Abyss.
You worshipped Gozag.
Gozag was pleased with you.
You were very hungry.

You visited 12 branches of the dungeon, and saw 56 of its levels.
You visited the Abyss 160 times.
You visited 1 bazaar.
You also visited: Gauntlet and Ice Cave.

You collected 23784 gold pieces.
You spent 10007 gold pieces at shops.
You paid 12830 gold pieces to Gozag.

Inventory:

Hand Weapons
 c - the +8 autumn katana (weapon) {vorpal, Clar}
   (You bought it in a shop on level 5 of the Vaults)

   It inflicts extra damage upon your enemies.
   It protects you against confusion.
 d - a +9 sacred scourge of holy wrath
Armour
 h - a +2 pair of boots of flying (worn)
 i - the +5 kite shield of Wyaso (worn) {Slay+3 Stlth+}
   (You found it on level 2 of the Realm of Zot)

   It affects your accuracy and damage with ranged weapons and melee attacks
   (+3).
   It makes you more stealthy.
 k - +12 gold dragon scales (worn)
 p - the +0 pair of gloves "Vinkit" (worn) {Regen+ MP+9}
   (You found it on level 1 of the Abyss)

   It affects your magic capacity (+9).
   It increases your rate of regeneration.
 A - a +2 helmet of intelligence (worn)
 D - the +2 cloak of Cerchod (worn) {rElec rN+ MP+9 Int+3}
   (You bought it in a shop on level 2 of the Orcish Mines)

   It affects your intelligence (+3).
   It insulates you from electricity.
   It protects you from negative energy.
   It affects your magic capacity (+9).
Jewellery
 e - the ring of the Mage (right hand) {Wiz MR++ Int+3}
   (You bought it in a shop in the Vestibule of Hell)

   [ring of wizardry]

   It improves your spell success rate.
   It affects your intelligence (+3).
   It affects your resistance to hostile enchantments.
 s - an amulet of reflection (around neck)
 C - the ring "Ruledd" {rPois rCorr Str+3}
   (You found it on level 3 of the Elven Halls)

   [ring of resist corrosion]

   It affects your strength (+3).
   It protects you from poison.
   It provides partial protection from all sources of acid and corrosion.
 F - the ring "Jewax" (left hand) {rElec rPois rC+ Str+3 SInv}
   (You bought it in a shop in the Vestibule of Hell)

   [ring of poison resistance]

   It affects your strength (+3).
   It protects you from cold.
   It insulates you from electricity.
   It protects you from poison.
   It lets you see invisible.
 T - an uncursed amulet of magic regeneration
Wands
 q - a wand of disintegration (19)
 u - a wand of digging (6)
 v - a wand of random effects (20)
Scrolls
 a - 10 scrolls of fog
 b - 43 scrolls of teleportation
 l - 3 scrolls of identify
 m - 16 scrolls of blinking
 w - a scroll of enchant armour
 M - 15 scrolls of fear
 V - 5 scrolls of silence
 Z - 7 scrolls of holy word
Potions
 j - 7 potions of cancellation
 n - 7 potions of heal wounds
 o - 29 potions of curing
 r - 17 potions of haste
 t - 2 potions of invisibility
 G - 17 potions of might
 L - 9 potions of resistance
 N - 5 potions of brilliance
 R - 4 potions of magic
Miscellaneous
 z - a tin of tremorstones (2/3)
Comestibles
 g - 131 rations


   Skills:
 O Level 27 Fighting
 - Level 17.0 Long Blades
 O Level 27 Maces & Flails
 O Level 27 Armour
 * Level 11.7 Dodging
 O Level 27 Shields
 + Level 12.7 Spellcasting
 + Level 13.4 Conjurations
 - Level 0.3 Fire Magic
 - Level 8.2 Air Magic
 - Level 13.4 Evocations


You had 42 spell levels left.
You knew the following spells:

 Your Spells              Type           Power        Failure   Level  Hunger
a - Magic Dart            Conj           ####         1%          1    None
b - Inner Flame           Hex/Fire       ##......     38%         3    None
c - Lightning Bolt        Conj/Air       ######....   5%          5    ####...

Your spell library contained the following spells:

 Spells                   Type           Power        Failure   Level  Hunger
 Foxfire                  Conj/Fire      ####         1%          1    None
 Shock                    Conj/Air       ####         1%          1    None
 Searing Ray              Conj           ######       1%          2    None
 Static Discharge         Conj/Air       ######..     1%          3    None
 Conjure Flame            Conj/Fire      #####...     2%          3    None
 Mephitic Cloud           Conj/Pois/Air  #####...     2%          3    None
 Dazzling Flash           Conj/Hex       #####.       3%          3    None
 Corpse Rot               Necr/Air       N/A          4%          2    None
 Poisonous Vapours        Pois/Air       ####..       4%          2    None
 Swiftness                Chrm/Air       ####....     4%          2    None
 Airstrike                Air            #####.....   5%          4    ##.....
 Sticky Flame             Conj/Fire      #####...     10%         4    ##.....
 Fulminant Prism          Conj/Hex       #####.....   11%         4    ##.....
 Hailstorm                Conj/Ice       #####...     11%         4    ##.....
 Corona                   Hex            ##.....      16%         1    None
 Freeze                   Ice            ##..         16%         1    None
 Pain                     Necr           ##..         16%         1    None
 Ensorcelled Hibernation  Hex/Ice        ##....       24%         2    None
 Slow                     Hex            ##......     24%         2    None
 Fireball                 Conj/Fire      #####.....   26%         5    ####...
 Iskenderun's Battlesphe  Conj/Chrm      #####...     26%         5    ####...
 Conjure Ball Lightning   Conj/Air       ######....   26%         6    ######.
 Confusing Touch          Hex            ##......     41%         3    None
 Frozen Ramparts          Ice            ##....       41%         3    None
 Ozocubu's Armour         Chrm/Ice       ##......     41%         3    None
 Vampiric Draining        Necr           ##........   41%         3    None
 Orb of Destruction       Conj           ######....   45%         7    #######
 Silence                  Hex/Air        ####......   58%         5    ####...
 Freezing Cloud           Conj/Ice/Air   #####.....   75%         6    ######.
 Starburst                Conj/Fire      #####.....   78%         6    ######.
 Cause Fear               Hex            ##........   80%         4    ##.....
 Dispel Undead            Necr           ##......     80%         4    ##.....
 Olgreb's Toxic Radiance  Pois           ##......     80%         4    ##.....
 Agony                    Necr           ##......     98%         5    ####...
 Excruciating Wounds      Chrm/Necr      ##........   98%         5    ####...
 Metabolic Englaciation   Hex/Ice        ##........   98%         5    ####...
 Ring of Flames           Chrm/Fire      ##........   100%        7    #######
 Borgnjor's Revivificati  Necr           ##........   100%        8    #######
 Death's Door             Chrm/Necr      ##........   100%        8    #######
 Discord                  Hex            ##........   100%        8    #######
 Ignition                 Fire           ##........   100%        8    #######
 Tornado                  Air            #####.....   100%        9    #######
 Stone Arrow              Conj/Erth      Unusable     N/A         3    N/A
 Iskenderun's Mystic Bla  Conj/Tloc      Unusable     N/A         4    N/A
 Animate Skeleton         Necr           Unusable     N/A         1    N/A
 Apportation              Tloc           Unusable     N/A         1    N/A
 Beastly Appendage        Tmut           Unusable     N/A         1    N/A
 Sandblast                Erth           Unusable     N/A         1    N/A
 Sting                    Tmut/Pois      Unusable     N/A         1    N/A
 Summon Butterflies       Summ           Unusable     N/A         1    N/A
 Summon Small Mammal      Summ           Unusable     N/A         1    N/A
 Blink                    Tloc           Unusable     N/A         2    N/A
 Call Imp                 Summ           Unusable     N/A         2    N/A
 Passwall                 Tmut/Erth      Unusable     N/A         2    N/A
 Sublimation of Blood     Necr           Unusable     N/A         2    N/A
 Irradiate                Conj/Tmut      Unusable     N/A         5    N/A
 Summon Lightning Spire   Summ/Air       Unusable     N/A         4    N/A
 Call Canine Familiar     Summ           Unusable     N/A         3    N/A
 Gell's Gravitas          Tloc           Unusable     N/A         3    N/A
 Ignite Poison            Fire/Tmut/Pois Unusable     N/A         3    N/A
 Recall                   Summ/Tloc      Unusable     N/A         3    N/A
 Spider Form              Tmut/Pois      Unusable     N/A         3    N/A
 Summon Guardian Golem    Hex/Summ       Unusable     N/A         3    N/A
 Tukima's Dance           Hex            Unusable     N/A         3    N/A
 Bolt of Magma            Conj/Fire/Erth Unusable     N/A         5    N/A
 Animate Dead             Necr           Unusable     N/A         4    N/A
 Leda's Liquefaction      Hex/Erth       Unusable     N/A         4    N/A
 Petrify                  Tmut/Erth      Unusable     N/A         4    N/A
 Summon Ice Beast         Ice/Summ       Unusable     N/A         4    N/A
 Iron Shot                Conj/Erth      Unusable     N/A         6    N/A
 Borgnjor's Vile Clutch   Necr/Erth      Unusable     N/A         5    N/A
 Lee's Rapid Deconstruct  Erth           Unusable     N/A         5    N/A
 Summon Forest            Summ/Tloc      Unusable     N/A         5    N/A
 Summon Mana Viper        Hex/Summ       Unusable     N/A         5    N/A
 Yara's Violent Unravell  Hex/Tmut       Unusable     N/A         5    N/A
 Death Channel            Necr           Unusable     N/A         6    N/A
 Eringya's Noxious Bog    Tmut/Pois      Unusable     N/A         6    N/A
 Hydra Form               Tmut           Unusable     N/A         6    N/A
 Simulacrum               Ice/Necr       Unusable     N/A         6    N/A
 Statue Form              Tmut/Erth      Unusable     N/A         6    N/A
 Dragon Form              Tmut           Unusable     N/A         7    N/A
 Haunt                    Necr/Summ      Unusable     N/A         7    N/A
 Malign Gateway           Summ/Tloc      Unusable     N/A         7    N/A
 Monstrous Menagerie      Summ           Unusable     N/A         7    N/A
 Spellforged Servitor     Conj/Summ      Unusable     N/A         7    N/A
 Summon Greater Demon     Summ           Unusable     N/A         7    N/A
 Summon Hydra             Summ           Unusable     N/A         7    N/A
 Infestation              Necr           Unusable     N/A         8    N/A
 Necromutation            Tmut/Necr      Unusable     N/A         8    N/A
 Summon Horrible Things   Summ           Unusable     N/A         8    N/A
 Dragon's Call            Summ           Unusable     N/A         9    N/A
 Shatter                  Erth           Unusable     N/A         9    N/A

Dungeon Overview and Level Annotations

Branches:
Dungeon (15/15)            Temple (1/1) D:5            Lair (6/6) D:11
 Shoals (4/4) Lair:4       Spider (4/4) Lair:4        Slime (5/5) Lair:6
    Orc (2/2) D:9             Elf (3/3) Orc:2        Vaults (5/5) D:13
  Crypt (0/3) Vaults:3     Depths (5/5) D:15           Hell (visited)
    Dis (0/7) Hell            Geh (0/7) Hell            Coc (0/7) Hell
    Tar (0/7) Hell            Zot (5/5) Depths:5      IceCv (visited)
Gauntlet (visited)

Altars:
Cheibriados
Elyvilon
Fedhas
Gozag
Hepliaklqana
Kikubaaqudgha
Makhleb
Nemelex Xobeh
Okawaru
Qazlal
Ru
Sif Muna
Trog
Uskayaw
Vehumet
Wu Jian
Xom
Yredelemnul
Zin
The Shining One
Beogh
Jiyva

Shops:
D:6 }   D:12 =   Orc:2 [}[?   Shoals:3 :   Vaults:3 =*   Vaults:5 *
Hell ==*(*((   Depths:1 =

Portals:
Hell: Depths:1 Depths:2 Depths:3 Depths:4 Depths:5
Abyss: Depths:2 Depths:3 Depths:4
Pandemonium: Depths:1 Depths:3
Ziggurat: Depths:5


Innate Abilities, Weirdness & Mutations

You are resistant to torment.
Your stone body is resilient. (AC +20)
You are immune to poison.
Your large and strong wings let you fly indefinitely.
You are very clumsy. (Dex -4)
Your magical capacity is very low. (-20% MP)
You resist negative energy. (rN+)
You are resistant to electric shocks. (rElec)
You can survive without breathing.
You are immune to petrification.
Potions are less effective at restoring your health.
You are immune to rotting.
You cannot be stealthy.
You are hated by all.
You cannot study or cast Earth magic.
You cannot study or cast Translocations magic.
You cannot study or cast Transmutations magic.
You are somewhat unskilled. (-1 Apt)
You have very sharp teeth.
Scrolls take you a little longer to read.
Your body sometimes deteriorates upon taking damage.
You are dopey. (Int -2)
You are frail. (-10% HP)
You passively map a small area around you.
You sometimes yell uncontrollably at your foes.
You are often teleported next to monsters.
You are weak. (Str -2)


Message History

The balrug stops burning.
You block the balrug's attack. You block the balrug's attack.
You block the thrashing horror's attack. x2
The balrug gestures at you. Something smites you!
* * * LOW HITPOINT WARNING * * *
The ynoxinul gestures at you. The iron shot hits you.
* * * LOW HITPOINT WARNING * * *
There is a gateway leading out of the Abyss here.
The thrashing horror roars!
You block the thrashing horror's attack. x2
The balrug gestures at you. The bolt of fire hits you! You resist.
* * * LOW HITPOINT WARNING * * *
The balrug hits you with a +0 demon whip!
* * * LOW HITPOINT WARNING * * *
You are engulfed in flames!
You resist.
You die...
Your body crumbles into a pile of gold.

... .#..#
....####.#.#.....
..#.#.....#.....#
####.#...#.........
#.#.#.#..#...#.....#.
.....................
.. .......X2........
...........Xw@.......
.......$.............
. ...##.....3##......#
.. ##......##......# .
...>.............. . .
.....).............. #
.....................
..
.............[........
. . ..................
.. . . .


You could see a tentacled starspawn, a balrug (fast), a thrashing horror, a
ynoxinul and a starspawn tentacle.

Vanquished Creatures
  the Royal Jelly (Slime:5)
  7 ancient liches (Abyss:1)
  Frederick (Depths:3)
  Xtahua (Depths:4)
  Saint Roka (Depths:4)
  A Killer Klown (Zot:4)
  Geryon (Hell)
  A curse toe (Zot:4)
  13 golden dragons
  Nikola (Shoals:1)
  4 profane servitors
  Arachne (Spider:4)
  the Enchantress (Depths:2)
  37 bone dragons
  3 hellephants (Abyss:1)
  18 tentacled monstrosities
  A Hell Sentinel (Abyss:1)
  24 liches (Abyss:1)
  2 deep elf master archers (Elf:3)
  9 quicksilver dragons
  Asterion (Depths:2)
  A deep elf blademaster (Elf:2)
  161 tentacled starspawn
  21 acid blobs
  Polyphemus (Shoals:2)
  The ghost of Vubreenic the Markscentaur, an adept CeHu of Okawaru (Spider:2)
  A kraken (Shoals:1)
  3 titans (Vaults:5)
  4 sphinxes
  7 Executioners (Abyss:1)
  5 death cobs
  2 ancient champions (Depths:5)
  Ilsuiw (Shoals:2)
  8 shadow dragons
  9 revenants
  An azure jelly (shapeshifter) (Zot:1)
  9 storm dragons
  5 draconian monks
  A warmonger (Abyss:3)
  5 tengu reavers
  A storm dragon (shapeshifter) (Zot:1)
  21 azure jellies
  5 daevas (Abyss:1)
  Roxanne (D:15)
  3 fire giants
  3 draconian knights
  9 ghost moths
  5 draconian shifters
  13 frost giants
  5 cacodemons (Abyss:1)
  5 draconian scorchers
  13 deep elf sorcerers
  19 vault wardens
  3 curse skulls (Zot:1)
  2 draconian stormcallers
  10 iron dragons
  5 angels (Abyss:1)
  5 emperor scorpions
  17 balrugs
  8 deep elf elementalists
  5 war gargoyles
  2 draconian annihilators (Zot:4)
  50 very ugly things
  12 reapers
  5 caustic shrike skeletons (Depths:2)
  16 ironheart preservers
  7 spriggan defenders
  4 entropy weavers
  16 stone giants
  8 ophanim (Abyss:1)
  A corrupter (Abyss:3)
  2 vampire knights (Vaults:3)
  An entropy weaver (shapeshifter) (Abyss:1)
  546 starcursed masses
  Nessos (Lair:6)
  A purple draconian (shapeshifter) (Zot:1)
  7 black draconians
  11 deep elf demonologists
  9 green draconians
  11 lorocyprocas
  8 deep elf annihilators
  9 white draconians
  13 yellow draconians
  A dire elephant (D:15)
  A white draconian (shapeshifter) (Zot:1)
  6 purple draconians
  8 red draconians
  A minotaur (D:11)
  13 spark wasps
  12 eidola (Abyss:1)
  14 ettins
  4 merfolk javelineers
  7 blizzard demons
  9 green deaths
  8 deep elf death magi
  5 death oozes
  11 merfolk impalers
  A crystal guardian (Zot:1)
  30 great orbs of eyes
  3 jiangshi (Abyss:1)
  Fannar (Orc:1)
  8 fire dragons
  4 deep elf high priests
  17 yaktaur captains
  29 vault guards
  5 naga warriors (Abyss:1)
  Erolcha (Orc:1)
  5 spriggan air magi
  2 quicksilver dragon skeletons (Abyss:1)
  10 hydras
  A monstrous demonspawn (Depths:1)
  9 centaur warriors
  6 merfolk avatars
  28 rakshasas
  6 catoblepae
  A hell beast (Depths:3)
  5 merfolk aquamancers (Shoals:4)
  An alligator snapping turtle (Shoals:2)
  7 ice dragons
  26 two-headed ogres
  18 ogre magi
  3 deep troll shamans (Depths:3)
  2 satyrs
  6 death knights
  6 deep troll earth magi
  3 tengu warriors
  5 death yaks
  22 hell hogs
  2 titan zombies (Abyss:1)
  A queen ant (Spider:1)
  7 spriggan berserkers
  9 vampire magi
  34 dancing weapons
  Nergalle (Orc:2)
  An orc high priest (Orc:1)
  93 thrashing horrors
  2 iron golems (Depths:5)
  A titan skeleton (Abyss:1)
  12 hell knights
  2 storm dragon zombies
  22 deep elf knights
  12 soul eaters
  2 fire crabs (Abyss:1)
  2 iron trolls (Depths:3)
  11 sea snakes
  14 shadow wraiths
  105 wretched stars
  A salamander mystic (Depths:4)
  24 sun demons
  24 spatial maelstroms
  54 sixfirhies
  12 skeletal warriors
  A death drake (shapeshifter) (Abyss:1)
  2 golden dragon zombies (Abyss:1)
  A death drake (Abyss:1)
  6 shadow demons (Abyss:1)
  22 deep trolls
  A storm dragon skeleton (Abyss:1)
  11 unseen horrors
  23 glowing orange brains
  A swamp dragon (Abyss:1)
  2 ghost moth zombies (Abyss:1)
  7 anaconda zombies
  6 flayed ghosts
  7 spriggan druids (Depths:2)
  An infernal demonspawn (Depths:1)
  An orange crystal statue (Depths:1)
  2 glowing orange brains (shapeshifter)
  A quicksilver dragon simulacrum (Abyss:1)
  12 deep elf archers
  13 necromancers
  10 wizards
  A lindwurm (Lair:6)
  2 anaconda skeletons
  5 phantasmal warriors
  20 harpies
  A golden dragon skeleton (Depths:4)
  12 orb spiders
  12 wolf spider zombies
  8 orc knights
  3 iron dragon zombies (Abyss:1)
  An orb spider (shapeshifter) (Vaults:2)
  67 deep elf magi
  4 manticores (shapeshifter)
  3 oklob plants
  A wolf spider (shapeshifter) (Vaults:5)
  17 ironbrand convokers
  10 fauns
  53 ugly things
  11 orc sorcerers
  3 mana vipers (Abyss:1)
  17 wolf spiders
  12 cyclopes
  A sphinx skeleton (Depths:4)
  71 worldbinders
  3 fire giant zombies
  11 manticores
  A frost giant zombie (Abyss:1)
  16 shining eyes
  12 merfolk sirens
  17 moths of wrath
  A shadow dragon skeleton (Abyss:1)
  3 iron dragon skeletons (Abyss:1)
  A shock serpent zombie (Abyss:1)
  26 apocalypse crabs
  4 elephants (Lair:5)
  2 dire elephant zombies (Abyss:1)
  2 guardian serpents (shapeshifter)
  9 black mambas
  6 fire giant skeletons
  3 salamanders
  2 water nymphs
  4 centaur zombies
  3 frost giant skeletons
  13 vault sentinels
  10 guardian serpents
  4 ice statues
  7 eyes of devastation
  119 smoke demons
  An eye of devastation (shapeshifter) (Abyss:1)
  2 molten gargoyles (Lair:6)
  20 rust devils
  A torpor snail (Lair:4)
  2 dire elephant skeletons (Abyss:1)
  4 naga magi (Abyss:1)
  7 gargoyles
  A spiny frog (shapeshifter) (Vaults:4)
  3 centaur skeletons
  A shock serpent skeleton (Abyss:1)
  6 spiny frogs
  8 hellions
  44 orange demons
  A komodo dragon (shapeshifter) (Abyss:1)
  19 ice devils
  53 yaktaurs
  An emperor scorpion zombie (Abyss:1)
  18 efreet
  13 redback zombies (Spider:3)
  28 hellwings
  5 rime drakes
  A ghost moth simulacrum (Abyss:1)
  10 komodo dragons
  A yaktaur (shapeshifter) (Abyss:1)
  25 demonic crawlers
  24 freezing wraiths
  11 kobold demonologists
  4 tormentors (Abyss:1)
  2 silent spectres
  A golden dragon simulacrum (Abyss:1)
  A troll (shapeshifter) (D:13)
  7 harpy zombies
  6 hydra zombies
  16 red devils
  A tengu conjurer (Depths:1)
  A queen bee (D:9)
  111 ancient zymes
  22 jumping spiders
  A wind drake (shapeshifter) (Depths:4)
  4 wind drakes
  A merfolk (shapeshifter) (Abyss:1)
  25 merfolk
  2 polar bears (D:10)
  22 hornets
  2 tyrant leeches (Abyss:2)
  9 trolls
  A white draconian skeleton (Abyss:1)
  A shadow dragon simulacrum (Abyss:2)
  32 blink frogs
  2 ettin zombies (Abyss:1)
  A harpy skeleton (Abyss:1)
  4 hydra skeletons
  13 tarantella zombies (Spider:3)
  2 hippogriffs (shapeshifter) (Vaults:1)
  289 raiju
  A blink frog (shapeshifter) (Abyss:1)
  109 slime creatures
  2 iron dragon simulacra (Abyss:1)
  2 meliai zombies
  A snapping turtle (shapeshifter) (Vaults:5)
  4 snapping turtles
  8 dream sheep
  2 frost giant simulacra
  17 hippogriffs
  A fire dragon zombie (Abyss:1)
  47 flying skulls
  63 redbacks
  2 stone giant simulacra (Abyss:1)
  A redback (shapeshifter) (D:14)
  A yak (shapeshifter) (Abyss:1)
  2 ettin skeletons (Abyss:1)
  11 shadows (Abyss:1)
  3 air elementals
  3 wyverns
  A tarantella (shapeshifter) (Abyss:1)
  45 yaks
  32 fire bats
  25 tarantellas
  15 water elementals
  15 wraiths
  Eustachio (D:4)
  A human (D:10)
  38 spriggans
  An alligator skeleton (Abyss:1)
  12 vampires
  111 ynoxinuls
  11 basilisks
  A black mamba skeleton (Abyss:1)
  10 fire elementals
  3 hogs (shapeshifter)
  2 steam dragons (Lair:6)
  4 basilisks (shapeshifter)
  11 hungry ghosts
  76 neqoxecs
  A green draconian simulacrum (Abyss:1)
  46 golden eyes
  3 human simulacra
  9 vampire mosquitoes
  75 chaos spawn
  7 spatial vortices (Abyss:1)
  A naga (shapeshifter) (Abyss:1)
  26 insubstantial wisps (Abyss:1)
  8 wargs
  A harpy simulacrum (Abyss:1)
  385 large abominations
  3 nagas (Abyss:1)
  A catoblepas simulacrum (Hell)
  26 soldier ants (Spider:1)
  2 acid dragons
  A hydra simulacrum (Hell)
  A soldier ant (shapeshifter) (Vaults:1)
  12 water moccasins
  2 floating eyes
  13 hell hounds
  3 spiny frog zombies
  5 porcupines
  An ogre skeleton (Vaults:1)
  33 orc warriors
  3 spiny frog skeletons
  336 small abominations
  A snapping turtle zombie (Abyss:1)
  11 ice beasts
  2 phantoms
  An ice dragon simulacrum (Abyss:1)
  A manticore zombie (Abyss:1)
  A black bear (D:10)
  An ettin simulacrum (Abyss:1)
  2 hornet zombies
  A black mamba simulacrum (Abyss:1)
  6 sky beasts
  31 ogres
  2 necrophages (D:9)
  A fire dragon simulacrum (Abyss:1)
  21 wolves
  19 boggarts
  27 eyes of draining
  25 centaurs
  A snapping turtle skeleton (Abyss:1)
  9 crocodiles
  A swamp dragon skeleton (Abyss:1)
  6 big kobolds
  2 elf zombies (D:9)
  21 bullfrogs
  17 earth elementals
  A gnoll sergeant (D:11)
  A deep troll simulacrum (Vaults:1)
  A spiny frog simulacrum (Hell)
  A water moccasin zombie (D:10)
  9 scorpions
  A troll zombie (D:9)
  A swamp dragon simulacrum (Abyss:1)
  32 killer bees
  A manticore simulacrum (Abyss:1)
  11 electric eels
  A spriggan skeleton (Abyss:1)
  29 wights (Abyss:1)
  10 howler monkeys
  16 crimson imps
  A yaktaur simulacrum (Vaults:1)
  5 lava snakes (Lair:6)
  59 quasits
  14 hounds
  14 jellies
  3 bullfrog skeletons
  A gnoll shaman (D:10)
  6 human zombies
  12 orc priests
  56 iron imps
  Jessica (D:2)
  2 human skeletons
  Ijyb (D:3)
  Terence (D:2)
  An iguana (D:9)
  32 orc wizards
  A spriggan simulacrum (IceCv)
  4 troll simulacra
  28 worker ants
  A worker ant (shapeshifter) (Vaults:4)
  An ogre zombie (Abyss:1)
  3 hound zombies
  3 hound skeletons
  2 howler monkey zombies
  10 adders
  11 gnolls
  A howler monkey skeleton (D:8)
  6 naga simulacra (IceCv)
  13 shadow imps
  69 white imps
  70 ufetubi
  2 oozes
  An adder skeleton (D:7)
  A dart slug (D:1)
  6 worms
  6 leopard geckos
  97 orcs
  5 bats
  4 giant cockroaches
  8 goblins
  6 hobgoblins
  7 jackals
  4 quokkas
  2 ball pythons (D:4)
  3 frilled lizards
  A giant cockroach zombie (D:6)
  2 gnoll zombies (D:9)
  19 kobolds
  A kobold zombie (Abyss:1)
  An orc skeleton (D:9)
  3 rats
  2 bushes (Depths:2)
  A butterfly (Zot:1)
  16 lurking horrors (Abyss:1)
  3 plants
  56 starspawn tentacles
  A tentacle (Shoals:1)
6443 creatures vanquished.

Vanquished Creatures (others)
  An ancient lich (Abyss:1)
  4 bone dragons (Abyss:1)
  A profane servitor (Abyss:1)
  A tentacled monstrosity (Abyss:1)
  A deep elf blademaster (Elf:2)
  5 tentacled starspawn (Abyss:1)
  2 acid blobs
  An Executioner (Abyss:1)
  A tengu reaver (Depths:5)
  A draconian monk (Abyss:1)
  A vault warden (Vaults:1)
  A frost giant (Vaults:4)
  An emperor scorpion (D:15)
  A draconian annihilator (Abyss:1)
  A spriggan defender (Depths:2)
  A reaper (Depths:1)
  A caustic shrike skeleton (Depths:2)
  A deep elf annihilator (Elf:3)
  A dire elephant (Depths:2)
  A spark wasp (Spider:2)
  2 ettins
  A death ooze (Slime:4)
  A fire dragon (Depths:4)
  A vault guard (Vaults:4)
  A hydra (Lair:1)
  A rakshasa (Abyss:1)
  An ice dragon (Vaults:2)
  2 great orbs of eyes
  A two-headed ogre (D:13)
  A deep troll shaman (Depths:4)
  5 hell hogs
  2 thrashing horrors
  A dancing weapon (Elf:1)
  A sun demon (Abyss:1)
  A wretched star (Abyss:1)
  2 deep trolls
  An unseen horror (Abyss:2)
  A phantasmal warrior (Abyss:1)
  An orc knight (Vaults:5)
  2 harpies (Vaults:3)
  2 wolf spiders
  A deep elf mage (Vaults:5)
  An ugly thing (Zot:1)
  A frost giant skeleton (Abyss:1)
  A smoke demon (Abyss:2)
  A rust devil (Depths:4)
  An orange demon (Abyss:1)
  A yaktaur (Vaults:5)
  A demonic crawler (Abyss:1)
  A freezing wraith (Vaults:4)
  A wind drake (Shoals:4)
  3 hornets
  4 slime creatures
  A raiju (Abyss:1)
  A snapping turtle (Shoals:1)
  7 large abominations (Abyss:1)
  A deep troll skeleton (Depths:1)
  An air elemental (Abyss:1)
  A fire dragon skeleton (Hell)
  A flying skull (Abyss:1)
  4 spriggans (Depths:2)
  A spriggan (shapeshifter) (D:13)
  A wraith (Abyss:1)
  A golden eye (Slime:4)
  A chaos spawn (Abyss:1)
  A floating eye (Depths:5)
  2 orc warriors
  An eye of draining (Abyss:1)
  A centaur (Vaults:2)
  4 ogres
  A scorpion (D:10)
  A killer bee (D:9)
  3 wights (Abyss:1)
  10 small abominations
  7 starcursed masses (Abyss:1)
  A jelly (Abyss:3)
  An iron imp (Abyss:3)
  An iguana (D:7)
  3 white imps (Abyss:1)
  5 ufetubi (Abyss:1)
  4 kobolds (D:7)
  4 demonic plants (Abyss:1)
  3 fungi
  20 lurking horrors
  18 plants
  350 starspawn tentacles
  64 tentacles (Shoals:1)
602 creatures vanquished.

Grand Total: 7045 creatures vanquished

Notes
Turn   | Place    | Note
-------+----------+-------------------------------------------
     0 | D:1      | Kono the Gargoyle Monk began the quest for the Orb.
     0 | D:1      | Reached XP level 1. HP: 14/14 MP: 1/1
   567 | D:1      | Reached XP level 2. HP: 19/19 MP: 2/2
  1382 | D:2      | Reached XP level 3. HP: 13/24 MP: 3/3
  1536 | D:2      | Found an iron altar of Okawaru.
  1604 | D:2      | Reached skill level 5 in Fighting
  1604 | D:2      | Reached XP level 4. HP: 15/31 MP: 4/4
  1946 | D:2      | Noticed Terence
  1964 | D:2      | Killed Terence
  2115 | D:2      | Reached XP level 5. HP: 36/36 MP: 5/5
  2508 | D:2      | Found a burning altar of Makhleb.
  2677 | D:2      | Noticed Jessica
  2679 | D:2      | Killed Jessica
  2842 | D:3      | Reached XP level 6. HP: 42/42 MP: 6/6
  2887 | D:3      | Noticed Ijyb
  2928 | D:3      | Killed Ijyb
  3433 | D:3      | Found a stormy altar of Qazlal.
  3823 | D:4      | Reached skill level 1 in Armour
  3823 | D:4      | Reached XP level 7. HP: 17/49 MP: 7/7
  4206 | D:4      | Noticed Eustachio
  4240 | D:4      | Killed Eustachio
  4442 | D:4      | Found a bloodstained altar of Trog.
  4763 | D:4      | Found a shimmering altar of Xom.
  4763 | D:4      | Found a shimmering altar of Xom.
  4763 | D:4      | Found a shimmering altar of Xom.
  4764 | D:4      | Found a shimmering altar of Xom.
  4813 | D:4      | Reached XP level 8. HP: 54/55 MP: 8/8
  4964 | D:5      | Entered Level 5 of the Dungeon
  5286 | D:5      | Reached skill level 5 in Maces & Flails
  5431 | D:5      | Found a staircase to the Ecumenical Temple.
  5569 | Temple   | Entered the Ecumenical Temple
  5600 | Temple   | Became a worshipper of Ru the Awakened
  5621 | D:5      | Gained mutation: You are hated by all. [Ru sacrifice]
  5621 | D:5      | Reached * piety under Ru
  6267 | D:6      | Found Guca's Gadget Shoppe.
  6386 | D:6      | Found an ornate altar of the Wu Jian Council.
  6683 | D:6      | Found a blossoming altar of Fedhas.
  6774 | D:6      | Found a transporter.
  6778 | D:6      | Found a transporter.
  6782 | D:6      | Noticed a deep elf mage
  6783 | D:6      | Found a hide-covered altar of Uskayaw.
  6880 | D:7      | Reached XP level 9. HP: 46/61 MP: 9/9
  7021 | D:7      | Reached skill level 5 in Armour
  7212 | D:7      | Found a radiant altar of Vehumet.
  7263 | D:7      | Found a white marble altar of Elyvilon.
  7513 | D:7      | Found a shimmering blue altar of Sif Muna.
  7871 | D:8      | Found a sparkling altar of Nemelex Xobeh.
  7871 | D:8      | Found an opulent altar of Gozag.
  7879 | D:8      | Reached skill level 10 in Fighting
  7930 | D:8      | Paralysed by a centaur for 2 turns
  7942 | D:8      | Paralysed by a centaur for 4 turns
  8241 | D:8      | Found a burning altar of Makhleb.
  8243 | D:8      | Noticed an Executioner
  8273 | D:8      | Found a glowing silver altar of Zin.
  8274 | D:8      | Noticed an angel
  8802 | D:8      | Reached XP level 10. HP: 65/68 MP: 10/10
  8843 | D:8      | Found a roughly hewn altar of Beogh.
  9259 | D:9      | Found a basalt altar of Yredelemnul.
 10021 | D:9      | Reached skill level 10 in Maces & Flails
 10314 | D:9      | Found a hazy altar of Hepliaklqana.
 10357 | D:9      | Found an opulent altar of Gozag.
 10430 | D:9      | Found a shimmering altar of Xom.
 10461 | D:9      | You fall into a shaft and drop 3 floors!
 10849 | D:12     | Noticed a cyclops
 10859 | D:12     | Killed a cyclops
 10859 | D:12     | Reached XP level 11. HP: 75/75 MP: 11/11
 11145 | D:11     | Found a gate leading to a gauntlet.
 11158 | Gauntlet | Entered a Gauntlet
 11158 | Gauntlet | Found a transporter.
 11158 | Gauntlet | Noticed a catoblepas
 11340 | Gauntlet | Found a transporter.
 11343 | Gauntlet | Found a transporter.
 11344 | Gauntlet | Found a transporter.
 11350 | Gauntlet | Found a runed translucent gate.
 11350 | Gauntlet | Found a runed translucent gate.
 11350 | Gauntlet | Found a runed translucent gate.
 11350 | Gauntlet | Noticed a catoblepas
 11358 | Gauntlet | Found a transporter.
 11361 | Gauntlet | Found a transporter.
 11362 | Gauntlet | Found a transporter.
 11370 | Gauntlet | Found a transporter.
 11373 | Gauntlet | Found a transporter.
 11374 | Gauntlet | Found a transporter.
 11382 | Gauntlet | Found a transporter.
 11385 | Gauntlet | Found a transporter.
 11386 | Gauntlet | Found a transporter.
 11389 | Gauntlet | Noticed an obsidian statue
 11390 | Gauntlet | Noticed a reaper
 11486 | Gauntlet | Killed a catoblepas
 11725 | Gauntlet | Noticed a minotaur
 12123 | D:10     | Entered Level 10 of the Dungeon
 12552 | D:9      | Found a staircase to the Orcish Mines.
 12659 | D:9      | Found an ancient bone altar of Kikubaaqudgha.
 13797 | D:10     | Noticed a deep elf mage
 13845 | D:10     | Killed a deep elf mage
 14568 | D:10     | Reached skill level 10 in Armour
 14568 | D:10     | Reached XP level 12. HP: 8/82 MP: 12/12
 15852 | D:11     | Killed a minotaur
 16315 | D:11     | Found a staircase to the Lair.
 16522 | Lair:1   | Entered Level 1 of the Lair of Beasts
 16772 | Lair:1   | Noticed a seven-headed hydra
 16779 | Lair:1   | Killed a seven-headed hydra
 16937 | Lair:1   | Noticed a four-headed hydra
 16951 | Lair:1   | Killed a four-headed hydra
 17538 | Lair:2   | You fall into a shaft and drop 1 floor!
 18060 | Lair:2   | Reached XP level 13. HP: 48/90 MP: 13/13
 19388 | Lair:4   | Gained mutation: You are clumsy. (Dex -2) [Ru sacrifice]
 19388 | Lair:4   | Reached ** piety under Ru
 19818 | Lair:4   | Found a hole to the Spider Nest.
 19876 | Lair:4   | Found a staircase to the Shoals.
 20848 | Lair:5   | Reached skill level 15 in Fighting
 21641 | Lair:5   | Got a crude flail
 21642 | Lair:5   | Identified the +7 flail of Goumohid {vorpal, Str+4} (You
                  | found it on level 5 of the Lair of Beasts)
 21896 | Lair:6   | Entered Level 6 of the Lair of Beasts
 21984 | Lair:6   | Gained mutation: You cannot study or cast Earth magic. [Ru
                  | sacrifice]
 21984 | Lair:6   | Gained mutation: You cannot study or cast Transmutations
                  | magic. [Ru sacrifice]
 21984 | Lair:6   | Gained mutation: You cannot study or cast Translocations
                  | magic. [Ru sacrifice]
 21984 | Lair:6   | Reached *** piety under Ru
 22410 | Lair:6   | Noticed Nessos
 22466 | Lair:6   | Killed Nessos
 22466 | Lair:6   | Gained mutation: Your large and strong wings let you fly
                  | indefinitely. [Gargoyle growth]
 22466 | Lair:6   | Reached XP level 14. HP: 37/98 MP: 14/14
 22536 | Lair:6   | Found a staircase to the Slime Pits.
 23902 | Lair:6   | Found a large runed translucent door.
 23903 | Lair:6   | Found a large runed translucent door.
 24515 | Spider:1 | Entered Level 1 of the Spider Nest
 24986 | Spider:1 | Noticed an entropy weaver
 25003 | Spider:1 | Killed an entropy weaver
 25037 | Spider:1 | Noticed an entropy weaver
 25479 | Spider:1 | Noticed an entropy weaver
 25488 | Spider:1 | Killed a ghost moth
 25491 | Spider:1 | Killed an entropy weaver
 25497 | Spider:1 | Killed an entropy weaver
 25554 | Spider:1 | Noticed an emperor scorpion
 25671 | Spider:1 | Killed an emperor scorpion
 26370 | Spider:1 | Reached XP level 15. HP: 100/107 MP: 15/15
 27228 | Spider:2 | Killed a ghost moth
 27295 | Spider:2 | Noticed an emperor scorpion
 27435 | Spider:2 | Noticed Vubreenic's ghost (adept CeHu)
 27550 | Spider:2 | Found a transporter.
 27550 | Spider:2 | Found a transporter.
 28582 | Spider:3 | Killed a ghost moth
 28792 | Spider:3 | Killed a ghost moth
 29351 | Spider:3 | Killed a ghost moth
 29351 | Spider:3 | Reached skill level 15 in Armour
 29584 | Spider:4 | Entered Level 4 of the Spider Nest
 30016 | Spider:4 | Reached XP level 16. HP: 104/117 MP: 16/16
 30211 | Spider:4 | Noticed Arachne
 30238 | Spider:4 | Killed Arachne
 32439 | Spider:4 | Got a gossamer rune of Zot
 33097 | Orc:1    | Entered Level 1 of the Orcish Mines
 33695 | Orc:1    | Noticed Erolcha
 33709 | Orc:1    | Killed Erolcha
 33791 | Orc:2    | Entered Level 2 of the Orcish Mines
 34386 | Orc:1    | Noticed Fannar
 34399 | Orc:1    | Killed Fannar
 34587 | Orc:2    | Found a staircase to the Elven Halls.
 34916 | Orc:2    | Paralysed by an orc sorcerer for 4 turns
 35014 | Orc:2    | Found Dinlon Oren's Antique Armour Boutique.
 35030 | Orc:2    | Bought a distressingly furry cloak for 313 gold pieces
 35040 | Orc:2    | Identified the +2 cloak of Cerchod {rElec rN+ MP+9 Int+3}
                  | (You bought it in a shop on level 2 of the Orcish Mines)
 35063 | Orc:2    | Found a radiant altar of Vehumet.
 35193 | Orc:2    | Noticed Nergalle
 35201 | Orc:2    | Killed Nergalle
 35205 | Orc:2    | Found an ancient bone altar of Kikubaaqudgha.
 35255 | Orc:2    | Found a roughly hewn altar of Beogh.
 35255 | Orc:2    | Found Vieck's Antique Armour Shop.
 35256 | Orc:2    | Paralysed by an orc sorcerer for 5 turns
 35273 | Orc:2    | Found Jukithrif's Gadget Boutique.
 35340 | Orc:2    | Found Lurghemump's Magic Scroll Shop.
 36839 | D:12     | Found Doyne's Jewellery Boutique.
 37039 | D:13     | Reached XP level 17. HP: 126/126 MP: 16/19
 37193 | D:13     | Reached XP level 18. HP: 132/132 MP: 20/20
 37453 | D:13     | You fall into a shaft and drop 2 floors!
 37453 | D:15     | Entered Level 15 of the Dungeon
 37478 | D:15     | Reached skill level 5 in Shields
 38298 | D:15     | Noticed Roxanne
 38648 | D:15     | Found a staircase to the Depths.
 38898 | D:14     | Found Heiciumu's Distillery.
 38919 | D:14     | Found a snail-covered altar of Cheibriados.
 39079 | D:14     | Found a frozen archway.
 39092 | IceCv    | Entered an ice cave
 39507 | IceCv    | Got a polished hand crossbow
 39510 | IceCv    | Got a bloodstained quarterstaff
 39922 | D:14     | Bought a potion of degeneration for 12 gold pieces
 40335 | D:13     | Found a gate to the Vaults.
 40637 | Lair:1   | Identified the +7 hand crossbow of the Kidney {vorpal,
                  | Int+2 Dex+6} (You found it in an ice cave)
 40718 | Lair:1   | Identified the cursed +3 quarterstaff of the Sugar Beet
                  | {antimagic, *Slow rElec Str+5 Int+3} (You found it in an
                  | ice cave)
 40955 | Shoals:1 | Entered Level 1 of the Shoals
 40970 | Shoals:1 | Noticed Nikola
 41005 | Shoals:1 | Killed Nikola
 42089 | Shoals:1 | Got a transparent war axe
 42606 | Shoals:1 | Reached skill level 10 in Shields
 42869 | Shoals:2 | Noticed Polyphemus
 43719 | Shoals:2 | Noticed Ilsuiw
 43970 | Shoals:2 | Killed Polyphemus
 43970 | Shoals:2 | Reached XP level 19. HP: 77/140 MP: 21/21
 44673 | Shoals:2 | Killed Ilsuiw
 45049 | Shoals:2 | Gained mutation: You cannot be stealthy. [Ru sacrifice]
 45180 | Shoals:3 | Found Nopnykko's Book Boutique.
 45192 | Shoals:3 | Bought a manual of Fighting for 1214 gold pieces
 46089 | Shoals:4 | Entered Level 4 of the Shoals
 47995 | Shoals:4 | Got a barnacled rune of Zot
 48213 | Shoals:4 | Gained mutation: You are somewhat unskilled. (-1 Apt) [Ru
                  | sacrifice]
 48213 | Shoals:4 | Reached **** piety under Ru
 48213 | Shoals:4 | Reached ***** piety under Ru
 48612 | Shoals:4 | Identified Topryal's Tome of Poisonous Necromancy
 49141 | Lair:1   | Identified the +1 war axe "Fascheuwk" {freeze, MP+9} (You
                  | found it on level 1 of the Shoals)
 49431 | Vaults:1 | Entered Level 1 of the Vaults
 49723 | Vaults:1 | Reached skill level 15 in Armour
 50028 | Vaults:1 | Got a twisted shortbow
 50914 | Vaults:1 | Reached XP level 20. HP: 86/147 MP: 21/21
 51543 | Vaults:1 | Gained mutation: Your magical capacity is low. (-10% MP)
                  | [Ru sacrifice]
 52261 | Vaults:2 | Found a flickering gateway to a bazaar.
 52270 | Bazaar   | Entered a bazaar
 52270 | Bazaar   | Found Duhaklur's Book Shoppe.
 52270 | Bazaar   | Found Vowkuc's Assorted Antiques.
 52406 | Bazaar   | Found Liyrgh's Jewellery Emporium.
 52418 | Bazaar   | Found Pebla's Book Shoppe.
 52440 | Bazaar   | Bought an uncursed amulet of reflection for 360 gold pieces
 52444 | Bazaar   | Bought a scroll of enchant armour for 232 gold pieces
 53932 | Vaults:3 | Found a staircase to the Crypt.
 54184 | Vaults:3 | Cast into level 2 of the Abyss (a wizard)
 54272 | Vaults:3 | Escaped the Abyss
 54298 | Vaults:3 | Found Daeson's Assorted Antiques.
 54346 | Vaults:3 | Bought a brightly glowing plate armour for 784 gold pieces
 54346 | Vaults:3 | Bought a scroll of identify for 56 gold pieces
 54360 | Vaults:3 | Identified the +6 plate armour of Instinct {rC- rCorr Str+5
                  | SInv} (You bought it in a shop on level 3 of the Vaults)
 54906 | Vaults:3 | Found Haod Henn's Jewellery Emporium.
 55046 | Vaults:3 | Got a slimy short sword
 56447 | Vaults:4 | Reached XP level 21. HP: 156/156 MP: 20/20
 58225 | Vaults:4 | Reached skill level 15 in Shields
 59564 | Elf:1    | Entered Level 1 of the Elven Halls
 61949 | Elf:2    | Found a huge runed translucent gate.
 61949 | Elf:2    | Found a huge runed translucent gate.
 61949 | Elf:2    | Found a huge runed translucent gate.
 61949 | Elf:2    | Found a huge runed translucent gate.
 61952 | Elf:2    | Found a huge runed translucent gate.
 62090 | Elf:2    | Reached XP level 22. HP: 149/164 MP: 21/21
 62312 | Elf:2    | Cast into level 2 of the Abyss (+7 morningstar of
                  | distortion)
 62312 | Abyss:2  | Found a corrupted altar of Lugonu.
 63236 | Abyss:3  | Paralysed by a floating eye for 3 turns
 63245 | Abyss:3  | Paralysed by a floating eye for 3 turns
 63252 | Abyss:3  | Got an abyssal rune of Zot
 63582 | Abyss:3  | Noticed a profane servitor
 63616 | Abyss:3  | Killed a profane servitor
 63695 | Abyss:3  | Gained mutation: You occasionally shout uncontrollably at
                  | your foes. [a neqoxec]
 63749 | Elf:2    | Escaped the Abyss
 64490 | Elf:3    | Entered Level 3 of the Elven Halls
 65620 | Elf:3    | Identified the +4 dire flail of Zisoexum {pain, rF++ Dex-5}
 65748 | Elf:3    | Identified the +6 trident "Beastbane" {flame, Dex+2}
 66423 | Elf:3    | Got a dazzling long sword
 66581 | Elf:3    | Identified the amulet of Uwymoss {Faith rElec rN+ Slay+2}
 66605 | Elf:3    | Identified the ring "Goggisk" {rC+ Int+4}
 67067 | Elf:3    | Reached XP level 23. HP: 171/173 MP: 22/22
 67552 | Elf:3    | Got an obsidian-encrusted scale mail
 67655 | Elf:3    | Got a translucent wooden ring
 67662 | Elf:3    | Got a pair of masterwork boots
 67668 | Elf:3    | Identified the +2 pair of boots of Spring {Harm *Corrode
                  | rPois Str-5} (You found it on level 3 of the Elven Halls)
 67724 | Elf:3    | Identified the ring "Ruledd" {rPois rCorr Str+3} (You found
                  | it on level 3 of the Elven Halls)
 67761 | Elf:3    | Got an ichor-stained morningstar
 67767 | Elf:3    | Identified the +5 morningstar of Red Wine {speed, Str+4
                  | Stlth+} (You found it on level 3 of the Elven Halls)
 69733 | Spider:2 | Killed Vubreenic's ghost
 69733 | Spider:2 | Reached skill level 27 in Fighting
 69760 | Spider:2 | Got a transparent hat
 69811 | Spider:2 | Identified the +0 hat of the Monk {rF+ Slay+2} (You found
                  | it on level 2 of the Spider Nest)
 70601 | D:14     | Paralysed by fainting for 11 turns
 70621 | D:14     | Paralysed by fainting for 11 turns
 70967 | Depths:1 | Entered Level 1 of the Depths
 70967 | Depths:1 | Found a gateway to Hell.
 71056 | Depths:1 | Found Tasuahof's Jewellery Emporium.
 71783 | Depths:1 | Found a one-way gate leading to the halls of Pandemonium.
 72094 | Depths:1 | Got a crude flail
 72379 | Depths:1 | Got a flickering wooden ring
 72458 | Depths:1 | Identified the ring "Irushuej" {+Fly rF+ Int+6 Dex+6} (You
                  | found it on level 1 of the Depths)
 72460 | Depths:1 | Identified the +6 flail of Certain Death {venom, MP+9 Str+3
                  | Stlth+} (You found it on level 1 of the Depths)
 72572 | Depths:2 | Noticed Asterion
 72601 | Depths:2 | Killed Asterion
 72621 | Depths:2 | Found a one-way gate to the infinite horrors of the Abyss.
 72662 | Depths:2 | Gained mutation: Your magical capacity is very low. (-20%
                  | MP) [Ru sacrifice]
 72729 | Depths:2 | You fall into a shaft and drop 2 floors!
 72729 | Depths:4 | Found a transporter.
 72729 | Depths:4 | Noticed Saint Roka
 72740 | Depths:4 | Killed Saint Roka
 72740 | Depths:4 | Reached skill level 15 in Maces & Flails
 73236 | Depths:4 | Noticed Xtahua
 73264 | Depths:4 | Killed Xtahua
 74027 | Depths:4 | Found a transporter.
 74226 | Depths:4 | Reached XP level 24. HP: 102/181 MP: 19/19
 74762 | Depths:3 | Noticed Frederick
 74783 | Depths:3 | Killed Frederick
 76977 | Depths:2 | Got a dazzling ring mail
 77186 | Depths:2 | Found a bloodstained altar of Trog.
 77453 | Depths:2 | Found the +2 robe of Vines {NoPotionHeal Regen+7}
 77520 | Depths:2 | Noticed the Enchantress
 77567 | Depths:2 | Killed the Enchantress
 78233 | Depths:4 | Got a bound bone amulet
 78257 | Depths:5 | Entered Level 5 of the Depths
 78360 | Depths:5 | Found a gateway to a ziggurat.
 78621 | D:15     | Identified the amulet of Ypehuerph {Spirit Dex+3} (You
                  | found it on level 4 of the Depths)
 79191 | Depths:5 | Reached XP level 25. HP: 157/187 MP: 19/19
 80236 | Depths:5 | Found a gate to the Realm of Zot.
 80967 | D:15     | Killed Roxanne
 81181 | D:14     | Identified the cursed +0 ring mail of Orphue {rC+} (You
                  | found it on level 2 of the Depths)
 81580 | Slime:1  | Entered Level 1 of the Pits of Slime
 82290 | Slime:2  | Gained mutation: You sometimes yell uncontrollably at your
                  | foes. [a shining eye]
 82306 | Slime:2  | Gained mutation: Your magical capacity is extremely low.
                  | (-30% MP) [a shining eye]
 82829 | Slime:3  | Gained mutation: Your spells are a little easier to cast,
                  | but a little less powerful. [a shining eye]
 82830 | Slime:3  | Gained mutation: Your body sometimes deteriorates upon
                  | taking damage. [a shining eye]
 82952 | Slime:2  | Gained mutation: You are dopey. (Int -2) [a shining eye]
 84112 | Slime:3  | Gained mutation: You are very dopey. (Int -4) [a shining
                  | eye]
 84195 | Slime:5  | Entered Level 5 of the Pits of Slime
 84490 | Slime:5  | Gained mutation: You are very clumsy. (Dex -4) [a shining
                  | eye]
 84554 | Slime:5  | Noticed the Royal Jelly
 84769 | Slime:5  | Found a viscous altar of Jiyva.
 85564 | Slime:5  | Killed the Royal Jelly
 85564 | Slime:5  | Reached XP level 26. HP: 126/193 MP: 10/17
 86384 | Slime:5  | Gained mutation: Armour fits poorly on your strangely
                  | shaped body. [a shining eye]
 86595 | Slime:5  | Got a coiled graven amulet
 86648 | Slime:5  | Got a slimy rune of Zot
 86675 | Slime:5  | Lost mutation: Your body sometimes deteriorates upon taking
                  | damage. [potion of mutation]
 86675 | Slime:5  | Lost mutation: Armour fits poorly on your strangely shaped
                  | body. [potion of mutation]
 86675 | Slime:5  | Gained mutation: You can translocate small distances at
                  | will. [potion of mutation]
 86675 | Slime:5  | Gained mutation: Your flesh is heat resistant. (rF+)
                  | [potion of mutation]
 86685 | Slime:5  | Got a polished hand crossbow
 86735 | Slime:5  | Got a slimy dagger
 86787 | Slime:5  | Identified the amulet of Plog {Inacc Dex+2 SInv} (You found
                  | it on level 5 of the Pits of Slime)
 86814 | Slime:5  | Got a shimmering whip
 87264 | D:14     | Identified the +5 whip of the Last Eyes {venom, rC- Str+2
                  | Stlth+} (You found it on level 5 of the Pits of Slime)
 87324 | D:14     | Identified the +3 hand crossbow "Pikh" {freeze, rElec rC+
                  | Dex+3} (You found it on level 5 of the Pits of Slime)
 87344 | D:14     | Identified the +1 dagger "Ululog" {drain, rPois rN+} (You
                  | found it on level 5 of the Pits of Slime)
 87705 | Vaults:5 | Entered Level 5 of the Vaults
 88018 | Vaults:5 | Identified the +6 halberd of Popular Demand {vorpal, Str+2
                  | Dex+2}
 88340 | Vaults:5 | Identified the ring "Heaxt" {Wiz *Slow rElec Str-5 Dex+10}
 88646 | Vaults:5 | Got a brightly glowing plate armour
 88661 | Vaults:5 | Got a silver rune of Zot
 88683 | Vaults:5 | Identified the +4 great sword "Omi Xips" {protect, Stlth+}
 88908 | Vaults:5 | Got a twisted halberd
 88984 | Vaults:5 | Identified the cursed +2 dagger "Feibif" {venom, Fragile
                  | Int+8}
 88986 | Vaults:5 | Identified the cursed ring "Suarunt" {rElec rF+ EV-4 Int+5}
 89068 | Vaults:5 | Identified the +5 ring mail "Liatreum" {rElec}
 89744 | Vaults:5 | Identified the ring of the Queen {rC+ MP+9 Stlth+}
 90020 | Vaults:4 | Identified the cursed +0 plate armour of Kavoll {rPois
                  | Str+3} (You found it on level 5 of the Vaults)
 90494 | Vaults:5 | Found Nagi's Assorted Antiques.
 90606 | Vaults:5 | Got a pair of faintly glowing boots
 90675 | Vaults:5 | Identified the cursed +0 pair of boots of the Albatross
                  | {Regen+ SInv} (You found it on level 5 of the Vaults)
 91016 | Vaults:5 | Reached XP level 27. HP: 177/199 MP: 17/17
 91116 | Vaults:5 | Got a transparent hand axe
 91288 | Vaults:4 | Identified the cursed +0 hand axe of the End of Times
                  | {freeze, Str+2} (You found it on level 5 of the Vaults)
 91468 | Vaults:4 | Lost mutation: You sometimes yell uncontrollably at your
                  | foes. [potion of mutation]
 91468 | Vaults:4 | Lost mutation: Your magical capacity is extremely low.
                  | (-30% MP) [potion of mutation]
 91468 | Vaults:4 | Gained mutation: Your body sometimes deteriorates upon
                  | taking damage. [potion of mutation]
 91468 | Vaults:4 | Gained mutation: You are partially covered in large bone
                  | plates. (SH +4) [potion of mutation]
 91496 | Vaults:4 | Identified the +2 halberd of Qokhlyev {flame, Stlth+} (You
                  | found it on level 5 of the Vaults)
 92161 | Depths:2 | Voluntarily entered the Abyss.
 92269 | Depths:2 | Escaped the Abyss
 92278 | Depths:2 | Voluntarily entered the Abyss.
 92338 | Depths:2 | Escaped the Abyss
 92343 | Depths:2 | Voluntarily entered the Abyss.
 92430 | Depths:2 | Escaped the Abyss
 92788 | Depths:2 | Voluntarily entered the Abyss.
 92965 | Abyss:1  | Gained mutation: Scrolls take you a little longer to read.
                  | [a shining eye]
 93135 | Depths:2 | Escaped the Abyss
 93158 | Depths:2 | Voluntarily entered the Abyss.
 93172 | Abyss:1  | Found a corrupted altar of Lugonu.
 93458 | Abyss:1  | Paralysed by accursed screaming for 1 turns
 93511 | Depths:2 | Escaped the Abyss
 93599 | Depths:2 | Voluntarily entered the Abyss.
 93656 | Depths:2 | Escaped the Abyss
 93661 | Depths:2 | Voluntarily entered the Abyss.
 93722 | Depths:2 | Escaped the Abyss
 93728 | Depths:2 | Voluntarily entered the Abyss.
 93821 | Depths:2 | Escaped the Abyss
 93828 | Depths:2 | Voluntarily entered the Abyss.
 93878 | Abyss:1  | Got a sparkling glass ring
 94041 | Abyss:1  | Gained mutation: Potions are less effective at restoring
                  | your health. [Ru sacrifice]
 94041 | Abyss:1  | Reached ****** piety under Ru
 94129 | Abyss:1  | Found a corrupted altar of Lugonu.
 94313 | Abyss:1  | Found an iron altar of Okawaru.
 94366 | Depths:2 | Escaped the Abyss
 94384 | Depths:2 | Identified the ring "Ilaxkub" {rC+ MP+9 Int+3} (You found
                  | it on level 1 of the Abyss)
 94389 | Depths:2 | Voluntarily entered the Abyss.
 94535 | Abyss:2  | Found a corrupted altar of Lugonu.
 94609 | Depths:2 | Escaped the Abyss
 94618 | Depths:2 | Voluntarily entered the Abyss.
 94672 | Abyss:1  | Paralysed by accursed screaming for 1 turns
 94920 | Abyss:1  | Noticed an ancient lich
 94930 | Abyss:1  | Killed an ancient lich
 94952 | Depths:2 | Escaped the Abyss
 94961 | Depths:2 | Voluntarily entered the Abyss.
 95011 | Depths:2 | Escaped the Abyss
 95020 | Depths:2 | Voluntarily entered the Abyss.
 95064 | Depths:2 | Escaped the Abyss
 95068 | Depths:2 | Voluntarily entered the Abyss.
 95151 | Depths:2 | Escaped the Abyss
 95156 | Depths:2 | Voluntarily entered the Abyss.
 95181 | Depths:2 | Escaped the Abyss
 95183 | Depths:2 | Voluntarily entered the Abyss.
 95291 | Abyss:1  | Got a warped scale mail
 95427 | Depths:2 | Escaped the Abyss
 95438 | Depths:2 | Voluntarily entered the Abyss.
 95441 | Abyss:1  | Found a corrupted altar of Lugonu.
 95552 | Depths:2 | Escaped the Abyss
 95563 | Depths:2 | Voluntarily entered the Abyss.
 95626 | Depths:2 | Escaped the Abyss
 95632 | Depths:2 | Voluntarily entered the Abyss.
 95773 | Abyss:1  | Paralysed by accursed screaming for 1 turns
 95877 | Depths:2 | Escaped the Abyss
 95885 | Depths:2 | Voluntarily entered the Abyss.
 95912 | Depths:2 | Escaped the Abyss
 95918 | Depths:2 | Voluntarily entered the Abyss.
 95958 | Depths:2 | Escaped the Abyss
 95960 | Depths:2 | Voluntarily entered the Abyss.
 96112 | Abyss:1  | Gained mutation: Armour fits poorly on your strangely
                  | shaped body. [a cacodemon]
 96115 | Abyss:1  | Gained mutation: Potions are poor at restoring your health.
                  | [a cacodemon]
 96182 | Abyss:2  | Found a radiant altar of Vehumet.
 96203 | Abyss:2  | Found a radiant altar of Vehumet.
 96589 | Depths:2 | Escaped the Abyss
 97201 | Zot:1    | Entered Level 1 of the Realm of Zot
 98546 | Zot:1    | Got a scorched iron ring
 98611 | Depths:5 | Identified the ring "Luam" {rC+ Int+3 Dex-4 SInv Stlth+}
                  | (You found it on level 1 of the Realm of Zot)
 99285 | Zot:1    | Got a translucent flail
 99575 | Hell     | Entered the Vestibule of Hell
 99575 | Hell     | Noticed Geryon
100285 | Hell     | Killed Geryon
100467 | Hell     | Found a gateway to the decaying netherworld of Tartarus.
100587 | Hell     | Found a gateway to the freezing wastes of Cocytus.
100653 | Hell     | Found a gateway to the Iron City of Dis.
100845 | Hell     | Found a gateway to the ashen valley of Gehenna.
101029 | Zot:2    | Got a slimy kite shield
101584 | Zot:2    | Identified the +5 kite shield of Wyaso {Slay+3 Stlth+} (You
                  | found it on level 2 of the Realm of Zot)
101906 | Zot:3    | Got a shimmering chain mail
103817 | Zot:4    | Identified the +6 chain mail "Lothry" {MP+9} (You found it
                  | on level 3 of the Realm of Zot)
103997 | Zot:4    | Reached skill level 1 in Spellcasting
104382 | Zot:5    | Entered Level 5 of the Realm of Zot
105484 | D:14     | Identified the +5 flail of Mourning {vamp, rC++} (You found
                  | it on level 1 of the Realm of Zot)
106579 | Depths:2 | Learned a level 1 spell: Magic Dart
106632 | Depths:2 | Voluntarily entered the Abyss.
106779 | Depths:2 | Escaped the Abyss
106783 | Depths:2 | Voluntarily entered the Abyss.
106884 | Abyss:1  | Reached skill level 1 in Conjurations
106930 | Depths:2 | Escaped the Abyss
106934 | Depths:2 | Voluntarily entered the Abyss.
106941 | Abyss:1  | Found a corrupted altar of Lugonu.
106980 | Abyss:1  | Gained mutation: Your magical capacity is extremely low.
                  | (-30% MP) [a neqoxec]
107236 | Abyss:1  | Noticed an ancient lich
107243 | Abyss:1  | Killed an ancient lich
107361 | Abyss:1  | Reached skill level 5 in Evocations
107594 | Abyss:1  | Noticed an ancient lich
107620 | Abyss:1  | Killed an ancient lich
107812 | Depths:2 | Escaped the Abyss
107819 | Depths:2 | Voluntarily entered the Abyss.
107823 | Abyss:1  | Found a corrupted altar of Lugonu.
107944 | Abyss:1  | Found a corrupted altar of Lugonu.
108072 | Depths:2 | Escaped the Abyss
108318 | D:6      | Bought a wand of digging (4) for 176 gold pieces
108318 | D:6      | Bought a wand of clouds (6) for 330 gold pieces
108481 | Orc:2    | Bought a scroll of brand weapon for 240 gold pieces
108481 | Orc:2    | Bought a scroll of magic mapping for 42 gold pieces
108481 | Orc:2    | Bought a scroll of identify for 24 gold pieces
108481 | Orc:2    | Bought a scroll of identify for 24 gold pieces
108481 | Orc:2    | Bought a scroll of enchant armour for 90 gold pieces
108481 | Orc:2    | Bought a scroll of remove curse for 36 gold pieces
108481 | Orc:2    | Bought a scroll of teleportation for 36 gold pieces
108961 | D:14     | Bought a potion of curing for 36 gold pieces
108961 | D:14     | Bought a potion of cancellation for 96 gold pieces
108961 | D:14     | Bought a potion of invisibility for 96 gold pieces
108961 | D:14     | Bought a potion of might for 48 gold pieces
108961 | D:14     | Bought a potion of haste for 120 gold pieces
108961 | D:14     | Bought a potion of cancellation for 96 gold pieces
109505 | Depths:2 | Voluntarily entered the Abyss.
109581 | Abyss:1  | Found a corrupted altar of Lugonu.
109869 | Depths:2 | Escaped the Abyss
109891 | Depths:2 | Voluntarily entered the Abyss.
109892 | Abyss:1  | Found a corrupted altar of Lugonu.
109942 | Depths:2 | Escaped the Abyss
109987 | Depths:2 | Voluntarily entered the Abyss.
110188 | Abyss:1  | Got an iridescent scimitar
110196 | Depths:2 | Escaped the Abyss
110197 | Depths:2 | Identified the +7 scimitar of Domoggarph {venom, rC+ Str+2
                  | Dex+3} (You found it on level 1 of the Abyss)
110239 | Depths:2 | Voluntarily entered the Abyss.
110272 | Depths:2 | Escaped the Abyss
110274 | Depths:2 | Voluntarily entered the Abyss.
110337 | Depths:2 | Escaped the Abyss
110339 | Depths:2 | Voluntarily entered the Abyss.
110844 | Abyss:1  | Reached skill level 5 in Spellcasting
111005 | Depths:2 | Escaped the Abyss
111010 | Depths:2 | Voluntarily entered the Abyss.
111062 | Depths:2 | Escaped the Abyss
111066 | Depths:2 | Voluntarily entered the Abyss.
111345 | Depths:2 | Escaped the Abyss
111409 | Depths:2 | Voluntarily entered the Abyss.
111487 | Depths:2 | Escaped the Abyss
111491 | Depths:2 | Voluntarily entered the Abyss.
111557 | Depths:2 | Escaped the Abyss
111563 | Depths:2 | Voluntarily entered the Abyss.
111588 | Abyss:1  | Reached skill level 5 in Conjurations
111610 | Depths:2 | Escaped the Abyss
111656 | Depths:2 | Voluntarily entered the Abyss.
111690 | Depths:2 | Escaped the Abyss
111692 | Depths:2 | Voluntarily entered the Abyss.
111741 | Abyss:1  | Found an ornate altar of the Wu Jian Council.
112073 | Depths:2 | Escaped the Abyss
112075 | Depths:2 | Voluntarily entered the Abyss.
112268 | Depths:2 | Escaped the Abyss
112279 | Depths:2 | Voluntarily entered the Abyss.
112401 | Depths:2 | Escaped the Abyss
112503 | Depths:2 | Voluntarily entered the Abyss.
112509 | Abyss:1  | Found a corrupted altar of Lugonu.
113101 | Depths:2 | Escaped the Abyss
113121 | Depths:2 | Voluntarily entered the Abyss.
113755 | Depths:2 | Escaped the Abyss
113759 | Depths:2 | Voluntarily entered the Abyss.
113813 | Abyss:1  | Found a corrupted altar of Lugonu.
113940 | Abyss:1  | Paralysed by accursed screaming for 1 turns
114057 | Abyss:1  | Found a stormy altar of Qazlal.
114096 | Depths:2 | Escaped the Abyss
114099 | Depths:2 | Voluntarily entered the Abyss.
114114 | Abyss:1  | Identified a scroll of acquirement
114219 | Abyss:1  | Paralysed by accursed screaming for 1 turns
114706 | Depths:2 | Escaped the Abyss
114772 | Depths:2 | Voluntarily entered the Abyss.
114904 | Abyss:1  | Gained mutation: Scrolls take you longer to read. [a
                  | shining eye]
115335 | Depths:2 | Escaped the Abyss
115340 | Depths:2 | Voluntarily entered the Abyss.
115595 | Depths:2 | Escaped the Abyss
115601 | Depths:2 | Voluntarily entered the Abyss.
115729 | Depths:2 | Escaped the Abyss
115764 | Depths:2 | Voluntarily entered the Abyss.
116072 | Depths:2 | Escaped the Abyss
116401 | Vaults:5 | Bought a wand of digging (7) for 208 gold pieces
116401 | Vaults:5 | Bought the +8 autumn katana {vorpal, Clar} for 1721 gold
                  | pieces
116401 | Vaults:5 | Found the +8 autumn katana {vorpal, Clar}
116401 | Vaults:5 | Bought a scroll of fog for 52 gold pieces
116401 | Vaults:5 | Bought a potion of mutation for 208 gold pieces
116403 | Vaults:5 | Lost mutation: You are very clumsy. (Dex -4) [potion of
                  | mutation]
116403 | Vaults:5 | Lost mutation: You occasionally shout uncontrollably at
                  | your foes. [potion of mutation]
116403 | Vaults:5 | Lost mutation: Scrolls take you longer to read. [potion of
                  | mutation]
116403 | Vaults:5 | Gained mutation: You are very clumsy. (Dex -4) [potion of
                  | mutation]
116403 | Vaults:5 | Gained mutation: Your flesh is cold resistant. (rC+)
                  | [potion of mutation]
116747 | Depths:2 | Voluntarily entered the Abyss.
116896 | Abyss:1  | Got a shadowed robe
116910 | Abyss:1  | Reached skill level 1 in Long Blades
117314 | Abyss:1  | Paralysed by accursed screaming for 1 turns
117323 | Abyss:1  | Paralysed by accursed screaming for 1 turns
117527 | Depths:2 | Escaped the Abyss
117622 | Depths:2 | Identified the +3 robe "Yzo Fyxt" {Int+6} (You found it on
                  | level 1 of the Abyss)
117644 | Depths:2 | Voluntarily entered the Abyss.
117644 | Abyss:1  | Found a corrupted altar of Lugonu.
117695 | Depths:2 | Escaped the Abyss
117697 | Depths:2 | Voluntarily entered the Abyss.
117772 | Depths:2 | Escaped the Abyss
117774 | Depths:2 | Voluntarily entered the Abyss.
118156 | Depths:2 | Escaped the Abyss
118161 | Depths:2 | Voluntarily entered the Abyss.
118203 | Abyss:1  | Reached skill level 5 in Long Blades
118230 | Depths:2 | Escaped the Abyss
118232 | Depths:2 | Voluntarily entered the Abyss.
118540 | Depths:2 | Escaped the Abyss
118542 | Depths:2 | Voluntarily entered the Abyss.
118604 | Abyss:1  | Gained mutation: Your body often deteriorates upon taking
                  | damage. [a shining eye]
118608 | Abyss:1  | Gained mutation: You are weak. (Str -2) [a shining eye]
118670 | Depths:2 | Escaped the Abyss
118700 | Depths:2 | Voluntarily entered the Abyss.
118704 | Abyss:1  | Found a corrupted altar of Lugonu.
119168 | Depths:2 | Escaped the Abyss
119282 | Depths:2 | Voluntarily entered the Abyss.
119341 | Abyss:1  | Found a corrupted altar of Lugonu.
119499 | Depths:2 | Escaped the Abyss
119527 | Depths:2 | Voluntarily entered the Abyss.
119593 | Abyss:1  | Gained mutation: Scrolls take you longer to read. [a
                  | neqoxec]
119601 | Depths:2 | Escaped the Abyss
119604 | Depths:2 | Voluntarily entered the Abyss.
120065 | Depths:2 | Escaped the Abyss
120091 | Depths:2 | Voluntarily entered the Abyss.
120274 | Abyss:1  | Found a shadowy altar of Dithmenos.
120290 | Depths:2 | Escaped the Abyss
120354 | Depths:2 | Voluntarily entered the Abyss.
120462 | Abyss:1  | Reached skill level 10 in Long Blades
120480 | Abyss:1  | Found a corrupted altar of Lugonu.
120484 | Abyss:1  | Found a corrupted altar of Lugonu.
120601 | Depths:2 | Escaped the Abyss
120751 | Depths:2 | Voluntarily entered the Abyss.
120914 | Depths:2 | Escaped the Abyss
120925 | Depths:2 | Voluntarily entered the Abyss.
121159 | Depths:2 | Escaped the Abyss
121161 | Depths:2 | Voluntarily entered the Abyss.
121327 | Depths:2 | Escaped the Abyss
121331 | Depths:2 | Voluntarily entered the Abyss.
121357 | Abyss:1  | Gained mutation: You are frail. (-10% HP) [a cacodemon]
121411 | Depths:2 | Escaped the Abyss
121413 | Depths:2 | Voluntarily entered the Abyss.
121423 | Abyss:1  | Found a corrupted altar of Lugonu.
121769 | Depths:2 | Escaped the Abyss
121833 | Depths:2 | Voluntarily entered the Abyss.
122371 | Depths:2 | Escaped the Abyss
122374 | Depths:2 | Voluntarily entered the Abyss.
122523 | Abyss:1  | Lost mutation: You are frail. (-10% HP) [a neqoxec]
122528 | Abyss:1  | Found a corrupted altar of Lugonu.
122551 | Abyss:1  | Reached skill level 10 in Evocations
122839 | Depths:2 | Escaped the Abyss
122859 | Depths:2 | Voluntarily entered the Abyss.
122950 | Abyss:1  | Got a translucent plate armour
123432 | Depths:2 | Escaped the Abyss
123443 | Depths:2 | Identified the cursed +1 plate armour of Vlad {Harm Dex+4}
                  | (You found it on level 1 of the Abyss)
123518 | Depths:2 | Voluntarily entered the Abyss.
123728 | Abyss:1  | Got a faintly glowing scimitar
124158 | Depths:2 | Escaped the Abyss
124313 | Depths:2 | Voluntarily entered the Abyss.
124478 | Abyss:1  | Found a shattered altar of Ashenzari.
124823 | Depths:2 | Escaped the Abyss
124831 | Depths:2 | Identified the +7 scimitar "Inirph" {vorpal, rC+++ rN++
                  | MP-9 Dex-2} (You found it on level 1 of the Abyss)
124841 | Depths:2 | Voluntarily entered the Abyss.
124943 | Abyss:1  | Paralysed by accursed screaming for 1 turns
124969 | Depths:2 | Escaped the Abyss
125047 | Depths:2 | Voluntarily entered the Abyss.
125346 | Abyss:1  | Identified the Collected Works on Evil Rituals and Flight
125537 | Abyss:1  | Paralysed by accursed screaming for 1 turns
125575 | Abyss:1  | Gained mutation: You do not regenerate when monsters are
                  | visible. [a neqoxec]
125656 | Depths:2 | Escaped the Abyss
125971 | Depths:2 | Voluntarily entered the Abyss.
125985 | Abyss:1  | Got a faintly glowing rapier
126004 | Depths:2 | Escaped the Abyss
126005 | Depths:2 | Identified the +9 rapier of Hisaiph {vorpal, Str+4 Int+4
                  | SInv} (You found it on level 1 of the Abyss)
126013 | Depths:2 | Voluntarily entered the Abyss.
126327 | Abyss:1  | Lost mutation: Your body often deteriorates upon taking
                  | damage. [potion of mutation]
126327 | Abyss:1  | Lost mutation: Scrolls take you longer to read. [potion of
                  | mutation]
126327 | Abyss:1  | Lost mutation: You are very dopey. (Int -4) [potion of
                  | mutation]
126327 | Abyss:1  | Lost mutation: Scrolls take you a little longer to read.
                  | [potion of mutation]
126327 | Abyss:1  | Lost mutation: You are dopey. (Int -2) [potion of mutation]
126327 | Abyss:1  | Lost mutation: You are weak. (Str -2) [potion of mutation]
126364 | Depths:2 | Escaped the Abyss
126382 | Depths:2 | Voluntarily entered the Abyss.
126632 | Abyss:2  | Found a corrupted altar of Lugonu.
126697 | Depths:2 | Escaped the Abyss
126706 | Depths:2 | Voluntarily entered the Abyss.
126954 | Abyss:1  | Paralysed by accursed screaming for 1 turns
127023 | Depths:2 | Escaped the Abyss
127033 | Depths:2 | Voluntarily entered the Abyss.
127133 | Depths:2 | Escaped the Abyss
127287 | Depths:2 | Voluntarily entered the Abyss.
127359 | Depths:2 | Escaped the Abyss
127362 | Depths:2 | Voluntarily entered the Abyss.
127425 | Abyss:1  | Found a corrupted altar of Lugonu.
127434 | Abyss:1  | Found an ornate altar of the Wu Jian Council.
127798 | Abyss:1  | Found a corrupted altar of Lugonu.
127830 | Depths:2 | Escaped the Abyss
127835 | Depths:2 | Voluntarily entered the Abyss.
127886 | Abyss:1  | Gained mutation: You are dopey. (Int -2) [a neqoxec]
127904 | Abyss:1  | Found a hazy altar of Hepliaklqana.
128348 | Depths:2 | Escaped the Abyss
128356 | Depths:2 | Voluntarily entered the Abyss.
128546 | Depths:2 | Escaped the Abyss
128548 | Depths:2 | Voluntarily entered the Abyss.
128717 | Depths:2 | Escaped the Abyss
128719 | Depths:2 | Voluntarily entered the Abyss.
128764 | Depths:2 | Escaped the Abyss
128779 | Depths:2 | Voluntarily entered the Abyss.
129115 | Abyss:1  | Got a dazzling chain mail
129125 | Depths:2 | Escaped the Abyss
129137 | Depths:2 | Identified the +5 chain mail "Namadiq" {rN+ SInv} (You
                  | found it on level 1 of the Abyss)
129157 | Depths:2 | Voluntarily entered the Abyss.
129190 | Depths:2 | Escaped the Abyss
129195 | Depths:2 | Voluntarily entered the Abyss.
129256 | Abyss:1  | Got a pair of twisted gloves
129418 | Abyss:1  | Gained mutation: Your spells are easier to cast, but less
                  | powerful. [a neqoxec]
129815 | Depths:2 | Escaped the Abyss
129913 | Depths:2 | Voluntarily entered the Abyss.
129948 | Depths:2 | Escaped the Abyss
129965 | Depths:2 | Identified the cursed +0 pair of gloves "Vinkit" {Regen+
                  | MP+9} (You found it on level 1 of the Abyss)
129971 | Depths:2 | Voluntarily entered the Abyss.
130057 | Abyss:1  | Found a corrupted altar of Lugonu.
130156 | Abyss:1  | Paralysed by accursed screaming for 1 turns
130195 | Abyss:1  | Reached skill level 27 in Armour
130385 | Abyss:1  | Gained mutation: You are very dopey. (Int -4) [a neqoxec]
130519 | Abyss:1  | Gained mutation: Your body often deteriorates upon taking
                  | damage. [a neqoxec]
130562 | Depths:2 | Escaped the Abyss
130563 | Depths:2 | Lost mutation: Potions are poor at restoring your health.
                  | [potion of mutation]
130563 | Depths:2 | Lost mutation: You are very dopey. (Int -4) [potion of
                  | mutation]
130563 | Depths:2 | Lost mutation: You are dopey. (Int -2) [potion of mutation]
130563 | Depths:2 | Lost mutation: Your magical capacity is extremely low.
                  | (-30% MP) [potion of mutation]
130563 | Depths:2 | Lost mutation: You are partially covered in large bone
                  | plates. (SH +4) [potion of mutation]
130563 | Depths:2 | Gained mutation: Your mind is acute. (Int +2) [potion of
                  | mutation]
130581 | Depths:2 | Voluntarily entered the Abyss.
130582 | Abyss:1  | Found a corrupted altar of Lugonu.
130782 | Abyss:1  | Noticed an ancient lich
130804 | Abyss:1  | Killed an ancient lich
130850 | Depths:2 | Escaped the Abyss
130886 | Depths:2 | Voluntarily entered the Abyss.
131343 | Depths:2 | Escaped the Abyss
131368 | Depths:2 | Voluntarily entered the Abyss.
131395 | Depths:2 | Escaped the Abyss
131421 | Depths:2 | Voluntarily entered the Abyss.
131476 | Abyss:1  | Found a corrupted altar of Lugonu.
131533 | Abyss:1  | Got a slimy war axe
131652 | Abyss:1  | Lost mutation: Your body often deteriorates upon taking
                  | damage. [a neqoxec]
131679 | Depths:2 | Escaped the Abyss
131680 | Depths:2 | Identified the +1 war axe "Neplimat" {freeze, +Fly rF+
                  | Int+6 Dex-3} (You found it on level 1 of the Abyss)
131739 | Depths:2 | Voluntarily entered the Abyss.
132099 | Abyss:1  | Paralysed by accursed screaming for 1 turns
132106 | Abyss:1  | Paralysed by accursed screaming for 1 turns
132201 | Abyss:1  | Found a corrupted altar of Lugonu.
132297 | Depths:2 | Escaped the Abyss
132301 | Depths:2 | Voluntarily entered the Abyss.
132753 | Depths:2 | Escaped the Abyss
132760 | Depths:2 | Voluntarily entered the Abyss.
133156 | Depths:2 | Escaped the Abyss
133182 | Depths:2 | Voluntarily entered the Abyss.
133674 | Depths:2 | Escaped the Abyss
133678 | Depths:2 | Voluntarily entered the Abyss.
133988 | Abyss:1  | Found a stormy altar of Qazlal.
134074 | Depths:2 | Escaped the Abyss
134078 | Depths:2 | Voluntarily entered the Abyss.
134985 | Depths:2 | Escaped the Abyss
135004 | Depths:2 | Voluntarily entered the Abyss.
135281 | Abyss:1  | Found a stormy altar of Qazlal.
135365 | Abyss:1  | Found a stormy altar of Qazlal.
135474 | Depths:2 | Escaped the Abyss
135524 | Depths:2 | Voluntarily entered the Abyss.
135524 | Abyss:1  | Found a corrupted altar of Lugonu.
135694 | Abyss:1  | Reached skill level 27 in Shields
135712 | Abyss:1  | Paralysed by accursed screaming for 1 turns
135724 | Abyss:1  | Paralysed by accursed screaming for 1 turns
135759 | Abyss:1  | Gained mutation: You occasionally shout uncontrollably at
                  | your foes. [a neqoxec]
136148 | Abyss:1  | Got a twitching diamond amulet
136423 | Depths:2 | Escaped the Abyss
136425 | Depths:2 | Identified the amulet "Lulaf" {Acrobat rF- MR- Dex+8 SInv}
                  | (You found it on level 1 of the Abyss)
136434 | Depths:2 | Voluntarily entered the Abyss.
136440 | Abyss:1  | Gained mutation: You are weak. (Str -2) [a neqoxec]
136605 | Abyss:1  | Paralysed by accursed screaming for 1 turns
136873 | Depths:2 | Escaped the Abyss
136882 | Depths:2 | Voluntarily entered the Abyss.
136887 | Abyss:1  | Found a corrupted altar of Lugonu.
137126 | Abyss:1  | Noticed an ancient lich
137165 | Abyss:1  | Gained mutation: Your spells are much easier to cast, but
                  | much less powerful. [a neqoxec]
137235 | Abyss:1  | Killed an ancient lich
137473 | Depths:2 | Escaped the Abyss
137496 | Depths:2 | Voluntarily entered the Abyss.
137687 | Abyss:1  | Gained mutation: Scrolls take you a little longer to read.
                  | [a shining eye]
137688 | Abyss:1  | Gained mutation: You are occasionally teleported next to
                  | monsters. [a shining eye]
137693 | Abyss:1  | Gained mutation: Scrolls take you longer to read. [a
                  | shining eye]
138000 | Abyss:1  | Gained mutation: Your body often deteriorates upon taking
                  | damage. [a neqoxec]
138001 | Abyss:1  | Lost mutation: Scrolls take you longer to read. [a neqoxec]
139018 | Depths:2 | Escaped the Abyss
139020 | Depths:2 | Voluntarily entered the Abyss.
139145 | Depths:2 | Escaped the Abyss
139146 | Depths:2 | Upgraded the game from 0.25-b1-23-ge2ad7d536c to
                  | 0.25-b1-37-g2669288c55
139149 | Depths:2 | Voluntarily entered the Abyss.
139245 | Depths:2 | Escaped the Abyss
139263 | Depths:2 | Voluntarily entered the Abyss.
139273 | Abyss:1  | Identified the Guide on Feathery Transformation
139845 | Abyss:1  | Gained mutation: You are frail. (-10% HP) [a neqoxec]
139865 | Abyss:1  | Gained mutation: You are sometimes teleported next to
                  | monsters. [a neqoxec]
139921 | Depths:2 | Escaped the Abyss
139928 | Depths:2 | Voluntarily entered the Abyss.
140174 | Depths:2 | Escaped the Abyss
140234 | Depths:2 | Voluntarily entered the Abyss.
140240 | Abyss:1  | Found a corrupted altar of Lugonu.
140251 | Abyss:1  | Found a corrupted altar of Lugonu.
140257 | Abyss:1  | Found a corrupted altar of Lugonu.
140401 | Abyss:1  | Reached skill level 15 in Long Blades
140428 | Abyss:1  | Found an iron altar of Okawaru.
140491 | Abyss:1  | Found a corrupted altar of Lugonu.
140836 | Depths:2 | Escaped the Abyss
140842 | Depths:2 | Voluntarily entered the Abyss.
140857 | Abyss:1  | Noticed an ancient lich
140874 | Abyss:1  | Killed an ancient lich
141268 | Abyss:1  | Got a masterwork chain mail
141332 | Depths:2 | Escaped the Abyss
141335 | Depths:2 | Lost mutation: Armour fits poorly on your strangely shaped
                  | body. [potion of mutation]
141335 | Depths:2 | Lost mutation: Your flesh is cold resistant. (rC+) [potion
                  | of mutation]
141335 | Depths:2 | Gained mutation: You expend magic power (3 MP) to
                  | strengthen your wands. [potion of mutation]
141336 | Depths:2 | Lost mutation: You are frail. (-10% HP) [potion of
                  | mutation]
141336 | Depths:2 | Lost mutation: You are very clumsy. (Dex -4) [potion of
                  | mutation]
141336 | Depths:2 | Lost mutation: Your flesh is heat resistant. (rF+) [potion
                  | of mutation]
141336 | Depths:2 | Lost mutation: Your mind is acute. (Int +2) [potion of
                  | mutation]
141336 | Depths:2 | Gained mutation: You have sharp toenails. [potion of
                  | mutation]
141371 | Depths:2 | Identified the +8 chain mail of Bedevilment {Dex+4} (You
                  | found it on level 1 of the Abyss)
141418 | Depths:2 | Voluntarily entered the Abyss.
141706 | Abyss:1  | Found a corrupted altar of Lugonu.
141917 | Abyss:1  | Paralysed by accursed screaming for 1 turns
141952 | Depths:2 | Escaped the Abyss
142031 | Depths:2 | Voluntarily entered the Abyss.
142031 | Abyss:1  | Found a corrupted altar of Lugonu.
142088 | Abyss:1  | Got a brightly glowing morningstar
142325 | Depths:2 | Escaped the Abyss
142346 | Depths:2 | Identified the +4 morningstar of Insomnia {elec, Dex+7}
                  | (You found it on level 1 of the Abyss)
142353 | Depths:2 | Voluntarily entered the Abyss.
142399 | Depths:2 | Escaped the Abyss
142401 | Depths:2 | Voluntarily entered the Abyss.
142472 | Depths:2 | Escaped the Abyss
142474 | Depths:2 | Voluntarily entered the Abyss.
142532 | Abyss:1  | Paralysed by accursed screaming for 1 turns
142537 | Abyss:1  | Paralysed by accursed screaming for 1 turns
142630 | Abyss:1  | Found a corrupted altar of Lugonu.
142683 | Abyss:1  | Found a corrupted altar of Lugonu.
142733 | Abyss:1  | Found a corrupted altar of Lugonu.
143073 | Depths:2 | Escaped the Abyss
143093 | Depths:2 | Voluntarily entered the Abyss.
143211 | Depths:2 | Escaped the Abyss
143227 | Depths:2 | Voluntarily entered the Abyss.
143573 | Depths:2 | Escaped the Abyss
143662 | Depths:2 | Voluntarily entered the Abyss.
143821 | Depths:2 | Escaped the Abyss
143827 | Depths:2 | Voluntarily entered the Abyss.
144191 | Abyss:1  | Found a corrupted altar of Lugonu.
144272 | Depths:2 | Escaped the Abyss
144835 | Shoals:3 | Bought a book of Fire for 715 gold pieces
145180 | D:6      | Bought a wand of flame (18) for 110 gold pieces
145180 | D:6      | Bought a wand of random effects (12) for 77 gold pieces
145413 | D:14     | Bought a potion of flight for 36 gold pieces
145413 | D:14     | Bought a potion of lignification for 36 gold pieces
145413 | D:14     | Bought a potion of flight for 36 gold pieces
145413 | D:14     | Bought a potion of stabbing for 48 gold pieces
145490 | D:14     | Identified the cursed +1 scale mail "Qeluanar" {rPois} (You
                  | found it on level 1 of the Abyss)
145559 | D:14     | Identified the +6 long sword "Dragonslayer" {protect, +Inv
                  | MP+9 Int-3} (You found it on level 3 of the Elven Halls)
145560 | D:14     | Identified the cursed +2 short sword of Igoqunawn {holy,
                  | rPois rF+ rN++ MR- Dex+3} (You found it on level 3 of the
                  | Vaults)
145616 | D:14     | Identified the cursed +1 scale mail of Ystrany {Dex+5} (You
                  | found it on level 3 of the Elven Halls)
145809 | Hell     | Lost mutation: You are sometimes teleported next to
                  | monsters. [potion of mutation]
145809 | Hell     | Lost mutation: You expend magic power (3 MP) to strengthen
                  | your wands. [potion of mutation]
145809 | Hell     | Lost mutation: You have sharp toenails. [potion of
                  | mutation]
145809 | Hell     | Lost mutation: Your spells are much easier to cast, but
                  | much less powerful. [potion of mutation]
145810 | Hell     | Lost mutation: Your spells are easier to cast, but less
                  | powerful. [potion of mutation]
145810 | Hell     | Lost mutation: Your body often deteriorates upon taking
                  | damage. [potion of mutation]
145810 | Hell     | Lost mutation: You do not regenerate when monsters are
                  | visible. [potion of mutation]
145810 | Hell     | Lost mutation: Your spells are a little easier to cast, but
                  | a little less powerful. [potion of mutation]
145810 | Hell     | Gained mutation: You are frail. (-10% HP) [potion of
                  | mutation]
145810 | Hell     | Gained mutation: You passively map a small area around you.
                  | [potion of mutation]
145811 | Hell     | Lost mutation: You occasionally shout uncontrollably at
                  | your foes. [potion of mutation]
145811 | Hell     | Lost mutation: You are frail. (-10% HP) [potion of
                  | mutation]
145811 | Hell     | Lost mutation: You are weak. (Str -2) [potion of mutation]
145811 | Hell     | Gained mutation: You are dopey. (Int -2) [potion of
                  | mutation]
145811 | Hell     | Gained mutation: You are partially covered in large bone
                  | plates. (SH +4) [potion of mutation]
145973 | Depths:2 | Voluntarily entered the Abyss.
146119 | Depths:2 | Escaped the Abyss
146127 | Depths:2 | Voluntarily entered the Abyss.
146391 | Depths:2 | Escaped the Abyss
146398 | Depths:2 | Voluntarily entered the Abyss.
146398 | Abyss:1  | Found a corrupted altar of Lugonu.
146883 | Depths:2 | Escaped the Abyss
146891 | Depths:2 | Voluntarily entered the Abyss.
146891 | Abyss:1  | Found a corrupted altar of Lugonu.
146998 | Depths:2 | Escaped the Abyss
147000 | Depths:2 | Voluntarily entered the Abyss.
147037 | Abyss:1  | Got a thick robe
147132 | Depths:2 | Escaped the Abyss
147138 | Depths:2 | Voluntarily entered the Abyss.
147261 | Abyss:1  | Gained mutation: You are very clumsy. (Dex -4) [a neqoxec]
147327 | Depths:2 | Escaped the Abyss
147340 | Depths:2 | Voluntarily entered the Abyss.
147455 | Abyss:1  | Paralysed by accursed screaming for 1 turns
147767 | Depths:2 | Escaped the Abyss
147780 | Depths:2 | Identified the +1 robe "Vetol" {rN+ Regen+ Str+3} (You
                  | found it on level 1 of the Abyss)
147819 | Depths:2 | Voluntarily entered the Abyss.
148160 | Abyss:1  | Found a corrupted altar of Lugonu.
148353 | Depths:2 | Escaped the Abyss
148355 | Depths:2 | Voluntarily entered the Abyss.
148511 | Depths:2 | Escaped the Abyss
148513 | Depths:2 | Voluntarily entered the Abyss.
148552 | Abyss:1  | Got a crystal fustibalus
148611 | Abyss:1  | Paralysed by accursed screaming for 2 turns
148624 | Abyss:1  | Paralysed by accursed screaming for 1 turns
148682 | Abyss:1  | Paralysed by accursed screaming for 1 turns
148689 | Abyss:1  | Paralysed by accursed screaming for 1 turns
148826 | Abyss:1  | Gained mutation: You occasionally shout uncontrollably at
                  | your foes. [a shining eye]
148971 | Abyss:1  | Got a crude short sword
149177 | Depths:2 | Escaped the Abyss
149182 | Depths:2 | Learned a level 3 spell: Inner Flame
149190 | Depths:2 | Identified the +5 fustibalus "Eviscerator" {flame, rElec
                  | Int+2} (You found it on level 1 of the Abyss)
149191 | Depths:2 | Identified the +9 short sword "Bingo" {flame, Fragile rElec
                  | MR+ Int+7} (You found it on level 1 of the Abyss)
149237 | Depths:2 | Voluntarily entered the Abyss.
149257 | Abyss:1  | Found a corrupted altar of Lugonu.
149266 | Abyss:1  | Reached skill level 5 in Dodging
149410 | Depths:2 | Escaped the Abyss
149441 | Depths:2 | Voluntarily entered the Abyss.
149996 | Abyss:1  | Found a corrupted altar of Lugonu.
150045 | Abyss:1  | Paralysed by you for 3 turns
150251 | Depths:2 | Escaped the Abyss
150309 | Depths:2 | Voluntarily entered the Abyss.
150317 | Abyss:1  | Found a corrupted altar of Lugonu.
150398 | Abyss:1  | Gained mutation: You are frail. (-10% HP) [a neqoxec]
150670 | Abyss:1  | Paralysed by accursed screaming for 1 turns
150773 | Abyss:1  | Paralysed by accursed screaming for 1 turns
150776 | Abyss:1  | Paralysed by accursed screaming for 1 turns
150938 | Abyss:1  | Lost mutation: You are frail. (-10% HP) [potion of
                  | mutation]
150938 | Abyss:1  | Lost mutation: Your body sometimes deteriorates upon taking
                  | damage. [potion of mutation]
150938 | Abyss:1  | Lost mutation: You occasionally shout uncontrollably at
                  | your foes. [potion of mutation]
150938 | Abyss:1  | Gained mutation: Your body sometimes deteriorates upon
                  | taking damage. [potion of mutation]
150938 | Abyss:1  | Gained mutation: Your muscles are strong. (Str +2) [potion
                  | of mutation]
151395 | Depths:2 | Escaped the Abyss
151403 | Depths:2 | Voluntarily entered the Abyss.
151422 | Abyss:1  | Found a corrupted altar of Lugonu.
151546 | Abyss:1  | Learned a level 5 spell: Lightning Bolt
151674 | Abyss:1  | Lost mutation: Your muscles are strong. (Str +2) [a
                  | neqoxec]
152014 | Depths:2 | Escaped the Abyss
152023 | Depths:2 | Voluntarily entered the Abyss.
152862 | Depths:2 | Escaped the Abyss
152903 | Depths:2 | Voluntarily entered the Abyss.
153095 | Depths:2 | Escaped the Abyss
153099 | Depths:2 | Voluntarily entered the Abyss.
153205 | Depths:2 | Escaped the Abyss
153208 | Depths:2 | Voluntarily entered the Abyss.
153228 | Abyss:1  | Found a corrupted altar of Lugonu.
153297 | Abyss:1  | Found a shimmering altar of Xom.
153351 | Abyss:1  | Found a corrupted altar of Lugonu.
153509 | Abyss:1  | Gained mutation: You occasionally shout uncontrollably at
                  | your foes. [a neqoxec]
153625 | Depths:2 | Escaped the Abyss
153646 | Depths:2 | Voluntarily entered the Abyss.
154099 | Depths:2 | Escaped the Abyss
154103 | Depths:2 | Voluntarily entered the Abyss.
154336 | Depths:2 | Escaped the Abyss
154342 | Depths:2 | Voluntarily entered the Abyss.
154573 | Abyss:1  | Gained mutation: You are weak. (Str -2) [a neqoxec]
154576 | Abyss:1  | Lost mutation: Your body sometimes deteriorates upon taking
                  | damage. [a neqoxec]
154665 | Abyss:1  | Gained mutation: You sometimes yell uncontrollably at your
                  | foes. [a neqoxec]
155140 | Depths:2 | Escaped the Abyss
155151 | Depths:2 | Voluntarily entered the Abyss.
155607 | Abyss:1  | Gained mutation: You are sometimes teleported next to
                  | monsters. [a neqoxec]
155612 | Abyss:1  | Lost mutation: You are partially covered in large bone
                  | plates. (SH +4) [a neqoxec]
155741 | Depths:2 | Escaped the Abyss
155822 | Depths:2 | Voluntarily entered the Abyss.
155944 | Abyss:1  | Reached skill level 27 in Maces & Flails
156150 | Abyss:1  | Reached skill level 10 in Dodging
156269 | Abyss:1  | Found a radiant altar of Vehumet.
156569 | Abyss:1  | Reached skill level 1 in Air Magic
156937 | Depths:2 | Escaped the Abyss
156988 | Depths:2 | Voluntarily entered the Abyss.
157146 | Abyss:1  | Found a corrupted altar of Lugonu.
157406 | Abyss:1  | Found a corrupted altar of Lugonu.
157655 | Abyss:1  | Paralysed by accursed screaming for 1 turns
158442 | Depths:2 | Escaped the Abyss
158514 | Depths:2 | Voluntarily entered the Abyss.
158519 | Abyss:1  | Found a corrupted altar of Lugonu.
158542 | Abyss:1  | Noticed an ancient lich
158552 | Abyss:1  | Killed an ancient lich
158683 | Abyss:1  | Paralysed by accursed screaming for 1 turns
158968 | Depths:2 | Escaped the Abyss
158972 | Depths:2 | Voluntarily entered the Abyss.
159124 | Depths:2 | Escaped the Abyss
159130 | Depths:2 | Voluntarily entered the Abyss.
159234 | Depths:2 | Escaped the Abyss
159236 | Depths:2 | Voluntarily entered the Abyss.
159404 | Depths:2 | Escaped the Abyss
159406 | Depths:2 | Voluntarily entered the Abyss.
159655 | Abyss:1  | Gained mutation: Armour fits poorly on your strangely
                  | shaped body. [a neqoxec]
159659 | Abyss:1  | Gained mutation: You have very sharp teeth. [a neqoxec]
159917 | Depths:2 | Escaped the Abyss
159918 | Depths:2 | Voluntarily entered the Abyss.
159920 | Abyss:1  | Paralysed by fainting for 11 turns
159946 | Abyss:1  | Paralysed by fainting for 11 turns
160215 | Abyss:1  | Reached skill level 5 in Air Magic
160296 | Abyss:1  | Found a corrupted altar of Lugonu.
160436 | Depths:2 | Escaped the Abyss
160676 | D:9      | Fell from the grace of Ru
160676 | D:9      | Became a worshipper of Gozag Ym Sagoz the Greedy
160910 | Hell     | Bought a +2 pair of boots of flying for 322 gold pieces
160910 | Hell     | Bought a scroll of enchant weapon for 112 gold pieces
160910 | Hell     | Bought a ration for 75 gold pieces
161080 | Depths:2 | Voluntarily entered the Abyss.
161843 | Depths:2 | Escaped the Abyss
161984 | Hell     | Bought the ring "Jewax" {rElec rPois rC+ Str+3 SInv} for
                  | 618 gold pieces
162352 | Depths:2 | Voluntarily entered the Abyss.
162513 | Abyss:1  | Found a hazy altar of Hepliaklqana.
162577 | Abyss:1  | Found a shimmering blue altar of Sif Muna.
162588 | Abyss:1  | Reached skill level 10 in Conjurations
162644 | Abyss:1  | Found a shimmering blue altar of Sif Muna.
162707 | Abyss:1  | Found a shimmering blue altar of Sif Muna.
162817 | Abyss:1  | Gained mutation: You are often teleported next to monsters.
                  | [a neqoxec]
163017 | Abyss:1  | Gained mutation: Scrolls take you longer to read. [a
                  | shining eye]
163095 | Depths:2 | Escaped the Abyss
163158 | Hell     | Bought the ring of the Mage {Wiz MR++ Int+3} for 620 gold
                  | pieces
163158 | Hell     | Found the ring of the Mage {Wiz MR++ Int+3}
163249 | Depths:2 | Voluntarily entered the Abyss.
163487 | Depths:2 | Escaped the Abyss
163978 | Depths:2 | Voluntarily entered the Abyss.
163982 | Abyss:1  | Found a corrupted altar of Lugonu.
164142 | Abyss:1  | Gained mutation: You are very dopey. (Int -4) [a neqoxec]
164195 | Abyss:1  | Reached skill level 10 in Spellcasting
164506 | Abyss:1  | Noticed an ancient lich
164516 | Abyss:1  | Killed an ancient lich
164546 | Depths:2 | Escaped the Abyss
164549 | Depths:2 | Voluntarily entered the Abyss.
165091 | Abyss:1  | Found a snail-covered altar of Cheibriados.
166116 | Depths:2 | Escaped the Abyss
166321 | Hell     | Bought a potion of mutation for 192 gold pieces
166321 | Hell     | Bought a blackened book for 360 gold pieces
166324 | Hell     | Lost mutation: Armour fits poorly on your strangely shaped
                  | body. [potion of mutation]
166324 | Hell     | Lost mutation: You can translocate small distances at will.
                  | [potion of mutation]
166324 | Hell     | Lost mutation: You are very dopey. (Int -4) [potion of
                  | mutation]
166458 | Depths:2 | Voluntarily entered the Abyss.
166944 | Abyss:1  | Gained mutation: You are very frail. (-20% HP) [a neqoxec]
167113 | Abyss:1  | Paralysed by accursed screaming for 1 turns
167216 | Depths:2 | Escaped the Abyss
167270 | Depths:2 | Voluntarily entered the Abyss.
167906 | Depths:2 | Escaped the Abyss
168345 | Depths:2 | Voluntarily entered the Abyss.
168367 | Abyss:1  | Gained mutation: Your body sometimes deteriorates upon
                  | taking damage. [a neqoxec]
168370 | Abyss:1  | Lost mutation: Scrolls take you longer to read. [a neqoxec]
168409 | Abyss:1  | Slain by a balrug

Illustrated notes

Levels and vault maps discovered:
D:1:      dpeg_arrival_oval, layout_basic, minmay_misc_feat_plants
D:2:      minmay_razor_zed, layout_basic, okawaru_ov_weapons_minmay,
          palyth_stone_intersect, kennysheep_path_1, makhleb_heckhound_becter,
          uniq_terence, uniq_jessica
D:3:      layout_rooms, nicolae_qazlal_eye_of_the_storm, uniq_ijyb
D:4:      layout_loops_ring, kennysheep_mini_moat, xom_redecorated,
          uniq_eustachio
D:5:      layout_loops_corners, temple_pool_b, first_ration,
          corexii_hall_statues_l, minmay_misc_feat_encased,
          mrwooster_statue_mirror
D:6:      layout_basic, gammafunk_temple_overflow_arena, old_standard_altar,
          serial_shops, shop, fedhas_altar_fruit_tree
D:7:      layout_loops_ring, fiery_altar_vehumet, basic_altar,
          minmay_misc_feat_rows, elyvilon_altar_5
D:8:      layout_basic, grunt_temple_overflow_order_and_chaos_2,
          grunt_temple_overflow_opulence, special_room [special_room_orc]
D:9:      layout_small_grid, lemuel_zombie_altar_yredelemnul, marbit_many_paths,
          lemuel_mausoleum_altar_kikubaaqudgha, orc_0_dummy, basic_altar,
          special_room [special_room_bee], grunt_gozag_breadcrumbs
D:10:     layout_gridville, serial_ice, serial_ice_j, serial_ice_f,
          serial_ice_d, serial_ice_m, hangedman_stone_soup, st_stairs_2,
          nooodl_orcs_dogs
D:11:     layout_layer_cave, erik_lair_island, gauntlet_entry_generic
D:12:     layout_basic, serial_shops, shop, nicolae_underground_beach
D:13:     layout_loops_ring, david_vaults_4, serial_glass, glass_columns_b,
          glass_columns_a, glass_columns_b, glass_columns_c, glass_columns_b,
          glass_columns_b, chequers_serial_rivers_small_3
D:14:     layout_basic, serial_shops, shop, old_standard_altar,
          portal_ice_cave_rime
D:15:     hangedman_depths_entry_try_elsewhere_first, layout_small_grid,
          chequers_serial_rivers_micro_c, nicolae_wwwww, uniq_roxanne
Temple:   nicolae_temple_figure_zero
Lair:1:   layout_regular_city
Lair:2:   layout_roguey
Lair:3:   layout_chaotic_city
Lair:4:   layout_big_grid, minmay_shoals_entry_beasts,
          nicolae_spider_entry_non_spiders, lemuel_fruit_fields,
          grunt_megastairs_4
Lair:5:   layout_roguey, st_stairs_3
Lair:6:   cheibrodos_lair_end_hotspot, layout_regular_city,
          minmay_slime_entry_pillars, st_stairs_5, minmay_lair_drake_nest,
          uniq_nessos
Shoals:1: layout_shoals, abandoned_shop, uniq_nikola
Shoals:2: layout_shoals, uniq_polyphemus, uniq_ilsuiw
Shoals:3: layout_shoals, serial_shops, shop, nicolae_shoals_this_corrosion
Shoals:4: shoals_end_grunt_ice, layout_shoals, shoals_ilsuiw_ice,
          nicolae_shoals_isolated_beach
Spider:1: layout_spider_delve, zaba_anthell
Spider:2: layout_spider_delve, gammafunk_ghost_arena,
          hangedman_spider_mandibles, nicolae_spider_webs_and_nodes,
          nicolae_spider_cling_ruins
Spider:3: lemuel_spider_zombies, einodemon_crawler_minivault
Spider:4: spider_rune_water, uniq_arachne
Slime:1:  layout_caves
Slime:2:  layout_caves
Slime:3:  layout_caves
Slime:4:  layout_caves, basic_altar, cheibrodos_slime_lost_civilization_6
Slime:5
Orc:1:    layout_diamond_mine, uniq_fannar, uniq_erolcha
Orc:2:    kennysheep_orc_mage_school, layout_caves, rock_pile
Elf:1:    eino_elf_arrival_customs, layout_onion_city, hangedman_elf_disciples
Elf:2:    layout_gridlike
Elf:3:    grunt_elf_hall_branching, layout_loops_corners,
          serial_sigils_hangedman_carve
Vaults:1: vaults_room_grunt_arrival_ludios, v_rooms_3,
          nicolae_vaults_little_squares_6, v_rooms_5, v_misc_28, v_misc_11,
          nicolae_vaults_circle_grid_b, vaults_dpeg_ring, v_misc_15,
          nicolae_vaults_sealed_display, vaults_room_hallway,
          layout_vaults_omnicross
Vaults:2: nicolae_vaults_inception_statues, dpeg_vaults_monster_box,
          vaults_mumra_chevron, nicolae_vaults_mini_display_case,
          grunt_vaults_twisty, hangedman_vaults_stretched_pinwheel,
          nicolae_vaults_little_ls, vaults_room_grid,
          nicolae_vaults_circle_grid_a, v_alt_pattern_2, v_misc_5,
          vaults_room_fours, layout_vaults_omnibox, serial_shops,
          bzr_entry_lakeside
Vaults:3: hangedman_vaults_pinch, minmay_crypt_entry_simple_statues,
          hangedman_vaults_capsules, ontoclasm_vaults_twist,
          nicolae_vaults_angled_halls, nicolae_vaults_ring_of_whatevers,
          vaults_standard_mumra_x, vaults_dpeg_doors, ontoclasm_vaults_idyll,
          layout_vaults_quadrants, serial_shops, shop, shop
Vaults:4: v_misc_16, nicolae_vaults_c_with_doors, hangedman_vaults_river_flow,
          v_pattern_1, ontoclasm_vaults_idyll, nicolae_vaults_little_squares_2,
          nicolae_vaults_little_squares_4, v_misc_33, nicolae_vaults_theta,
          vaults_room_corners, vaults_room_hallway,
          vaults_standard_mumra_enter_the_diamond, ontoclasm_vaults_chip,
          nicolae_vaults_theta, ontoclasm_vaults_shuriken,
          vaults_room_door_ring, layout_vaults_maze
Vaults:5: serial_shops
Depths:1: layout_gridlike, serial_bayou_pond_c, rand_demon_pan_entry_3,
          hell_entry, minmay_shop_enchanted_jewellery, minmay_misc_feat_roman,
          nrook_uturn, minmay_misc_feat_diagonals, corner_web_ring,
          minmay_hedge_maze, minivault_1, minivault_15,
          fake_guardian_serpent_vault
Depths:2: spriggan_forest, abyss_entry, hell_entry, uniq_asterion
Depths:3: minmay_slanted_spiral_squares, layout_cave_shapes,
          rand_demon_pan_entry_8, abyss_entry, hex_tiny, hell_entry,
          hangedman_cracks_in_the_wall, uniq_frederick, uniq_enchantress
Depths:4: gammafunk_jiyva_shrine, layout_twisted_cross, abyss_entry,
          grunt_hell_entry_dis_grunt, glass_columns_a, minmay_metal_thing,
          uniq_xtahua, uniq_saint_roka
Depths:5: evilmike_zot_entry_hall, layout_long_grid, enter_ziggurat_f,
          pf_coc_iceberg, kennysheep_crisscross,
          minmay_fractal_squares_gapless_7
Hell
Zot:1:    hangedman_orp_of_zott, layout_onion_interference,
          st_small_dragon_hoard_4
Zot:2:    layout_misc_corridors
Zot:3:    layout_gridlike
Zot:4:    layout_basic
Zot:5:    layout_basic
Abyss:1:  base: Depths:3, evilmike_abyss_exit_plants, base: Lair:4, base:
          Crypt:2, gammafunk_corrupted_shrine, base: D:5,
          evilmike_abyss_exit_chaos, base: D:8, minivault_20,
          evilmike_abyss_exit_6, evilmike_abyss_exit_smiterflies,
          hangedman_summoners_spam, evilmike_abyss_exit_smiterflies, base: D:5,
          base: Depths:4, guppyfry_abyss_exit_imp_island,
          evilmike_abyss_exit_13, base: Zot:5, base: D:6, due_exit_kobolds,
          evilmike_abyss_exit_15, due_exit_kobolds, minivault_5,
          bh_abyss_exit_spiral, base: Depths:2, base: Depths:5,
          hangedman_summoners_spam, base: Spider:2, bh_abyss_exit_spiral, base:
          D:1, base: Spider:2, serial_sigils_hangedman_gut, base: Temple, base:
          Zot:2, evilmike_abyss_exit_10, bh_silent_lugonu_exit, base: Lair:1,
          evilmike_abyss_exit_kraken, base: Temple,
          grunt_abyss_exit_deep_breaths, hangedman_elemental_corridor,
          evilmike_abyss_exit_glass, base: Zot:1, gammafunk_corrupted_shrine,
          base: Depths:5, base: D:10, evilmike_abyss_exit_15, base: D:9, base:
          Vaults:2, guppyfry_abyss_exit_spiral_guarded, base: Elf:2,
          evilmike_abyss_exit_mutagenic, abyss_exit_lava, base: Lair:2,
          evilmike_abyss_exit_3, base: D:10, evilmike_abyss_exit_15,
          hangedman_abyss_or_decor_lesser_grid, abyss_greek_temple, base:
          Vaults:4, grunt_abyss_exit_deep_breaths, evilmike_abyss_exit_3, base:
          Depths:1, evilmike_abyss_exit_mutagenic, base: Slime:5,
          evilmike_abyss_exit_14, base: Lair:6, base: Temple, base: Vaults:1,
          bh_abyss_exit_choice, bh_abyss_exit_choice,
          guppyfry_abyss_exit_spiral_guarded, minivault_27, base: Lair:6,
          evilmike_abyss_exit_6, base: Lair:2, evilmike_abyss_exit_8,
          minivault_20, base: D:14, base: D:3, base: Lair:1, minivault_24, base:
          Lair:3, evilmike_abyss_exit_2, hangedman_cross_veins, base: D:10,
          minivault_19, base: Orc:2, base: Vaults:5, evilmike_abyss_exit_14,
          base: Depths:1, bh_abyss_exit_choice, evilmike_abyss_exit_17,
          evilmike_abyss_exit_17, evilmike_abyss_exit_17, base: D:9,
          kilobyte_mutagenic_chamber, minivault_20, bh_abyss_exit_choice, base:
          Vaults:4, evilmike_abyss_exit_7, base: Lair:1, base: Crypt:2,
          hangedman_abyss_or_decor_jellyfish_corner, minivault_26,
          hangedman_decor_points, base: Slime:1, minivault_25, base: Vaults:5,
          evilmike_abyss_exit_7, gammafunk_abyss_exit_x_factor, base: Depths:1,
          evilmike_abyss_exit_5, evilmike_abyss_exit_10,
          hangedman_abyss_shoalhut, base: Vaults:4,
          hangedman_abyss_or_decor_clamps, hangedman_decor_peaks_small,
          hangedman_abyss_or_decor_clamps, evilmike_abyss_exit_3,
          hangedman_abyss_shoalhut, evilmike_abyss_exit_3,
          evilmike_abyss_exit_6, evilmike_abyss_exit_6, evilmike_abyss_exit_13,
          lemuel_flamethrower_hall, base: Vaults:4, base: Lair:1, base: Orc:2,
          base: Crypt:1, evilmike_abyss_exit_2, hangedman_abyss_or_decor_slice,
          evilmike_abyss_exit_2, hangedman_abyss_feature_spike,
          evilmike_abyss_exit_12, evilmike_abyss_exit_17, base: Zot:3,
          evilmike_abyss_exit_11, hangedman_abyss_batty_box,
          evilmike_abyss_exit_2, bh_abyss_exit_choice, evilmike_abyss_exit_11,
          base: Lair:6, evilmike_abyss_exit_4, base: Lair:4,
          hangedman_abyss_or_decor_jellyfish_corner, evilmike_abyss_exit_11,
          base: Slime:2, bh_abyss_exit_choice, base: Depths:1, base: Zot:5,
          base: Vaults:4, evilmike_abyss_exit_5, evilmike_abyss_exit_5,
          bh_abyss_exit_spiral, base: D:1, serial_sigils_hangedman_gut, base:
          Spider:1, hangedman_decor_lopped, base: D:5, evilmike_abyss_exit_4,
          evilmike_abyss_exit_4, bh_silent_lugonu_exit, evilmike_abyss_exit_12,
          base: D:12, hangedman_abyss_or_decor_stabs, base: D:2,
          evilmike_abyss_exit_3, base: Lair:2, base: Slime:4, minivault_13,
          bh_abyss_exit_grid, base: Lair:4, base: Depths:4,
          evilmike_abyss_exit_3, bh_abyss_exit_grid, bh_abyss_exit_grid,
          evilmike_abyss_exit_9, base: D:8, minivault_5, bh_abyss_exit_spiral,
          hangedman_abyss_exit_choices, abyss_exit_lava, base: Crypt:1, base:
          Vaults:2, evilmike_abyss_exit_4, evilmike_abyss_exit_4,
          evilmike_abyss_exit_1, evilmike_abyss_exit_1,
          hangedman_abyss_monster_moat, hangedman_abyss_sting, base: Orc:1,
          evilmike_abyss_exit_11, hangedman_abyss_town, hangedman_abyss_town,
          base: D:12, base: Lair:2, evilmike_abyss_exit_6,
          evilmike_abyss_exit_6, evilmike_abyss_exit_11, base: Lair:5,
          guppyfry_abyss_exit_spiral_guarded,
          guppyfry_abyss_exit_spiral_guarded, evilmike_abyss_exit_7, base:
          Vaults:5, minivault_23, evilmike_abyss_exit_1, base: Zot:4,
          hangedman_abyss_exit_choices, base: Zot:4, base: Slime:2,
          evilmike_abyss_exit_3, evilmike_abyss_exit_7, bh_abyss_exit_spiral,
          base: D:3, evilmike_abyss_exit_1, evilmike_abyss_exit_7,
          evilmike_abyss_exit_9, base: Spider:3,
          hangedman_abyss_or_decor_jellyfish_corner, hangedman_relentless_pull,
          base: D:10, base: Crypt:3, evilmike_abyss_exit_1,
          hangedman_decor_peaks_small, minivault_27, base: D:4,
          serial_sigils_hangedman_shear, evilmike_abyss_exit_5,
          guppyfry_abyss_exit_spiral_guarded, base: D:2, evilmike_abyss_exit_5,
          base: Lair:5, base: Slime:1, evilmike_abyss_exit_5,
          hangedman_abyss_or_decor_passed, evilmike_abyss_exit_5, base: Lair:4,
          evilmike_abyss_exit_10, evilmike_abyss_exit_10, base: D:12,
          evilmike_abyss_exit_17, minivault_25_ag, abyss_furniture_001,
          evilmike_abyss_exit_8, base: Orc:2, evilmike_abyss_exit_4,
          minivault_25_ag, minivault_13, base: D:5, evilmike_abyss_exit_9,
          guppyfry_abyss_exit_spiral_guarded, evilmike_abyss_exit_7, base:
          Orc:1, base: Slime:1, minivault_11, minivault_25,
          guppyfry_abyss_exit_spiral_guarded, base: Elf:1, minivault_1,
          hangedman_steaming_rock, base: D:13, evilmike_abyss_exit_9,
          minivault_23, evilmike_abyss_exit_8, minivault_11, base: Depths:4,
          base: Lair:3, base: D:5, evilmike_abyss_exit_6, base: Depths:5, base:
          Zot:1, evilmike_abyss_exit_8, evilmike_abyss_exit_8, base: Orc:1,
          evilmike_abyss_exit_3, base: D:15, evilmike_abyss_exit_8,
          evilmike_abyss_exit_8, evilmike_abyss_exit_13, base: Depths:2,
          evilmike_abyss_exit_9, minivault_23, hangedman_abyss_river_spirits,
          base: D:9, evilmike_abyss_exit_9, evilmike_abyss_exit_11, base: D:1,
          evilmike_abyss_exit_13, evilmike_abyss_exit_13, evilmike_abyss_exit_8,
          minivault_28, guppyfry_abyss_exit_spiral_guarded, base: D:13,
          evilmike_abyss_exit_11, evilmike_abyss_exit_8, base: Spider:2,
          minivault_25, base: D:14, bh_abyss_exit_grid, bh_abyss_exit_spiral,
          base: D:12, evilmike_abyss_exit_14, evilmike_abyss_exit_9,
          minivault_26, evilmike_abyss_exit_6, hangedman_elemental_corridor,
          minivault_20, hangedman_elemental_corridor, evilmike_abyss_exit_7,
          base: Lair:6, guppyfry_abyss_exit_spiral_guarded,
          hangedman_abyss_monster_moat, base: D:9, base: D:7,
          evilmike_abyss_exit_11, base: D:11, evilmike_abyss_exit_11,
          minivault_22, evilmike_abyss_exit_8, evilmike_abyss_exit_8, base:
          Vaults:4, evilmike_abyss_exit_6, serial_sigils_hangedman_gut,
          evilmike_abyss_exit_14, evilmike_abyss_exit_5, base: Slime:2,
          abyss_exit_lava, bh_silent_lugonu_exit, hangedman_steaming_rock, base:
          Spider:3, hangedman_decor_riveting, minivault_26, base: Crypt:3,
          evilmike_abyss_exit_7, base: Elf:2, evilmike_abyss_exit_3, base:
          Lair:3, evilmike_abyss_exit_7, hangedman_illusive_loot, base:
          Vaults:1, evilmike_abyss_exit_17, base: D:4, minivault_27,
          minivault_28, minivault_22, abyss_exit_lava, evilmike_abyss_exit_3,
          base: Zot:2, base: Zot:5, evilmike_abyss_exit_3, base: D:2,
          evilmike_abyss_exit_4, guppyfry_abyss_exit_spiral_guarded, base:
          Vaults:4, evilmike_abyss_exit_17, evilmike_abyss_exit_17,
          evilmike_abyss_exit_17, evilmike_abyss_exit_13, bh_abyss_exit_spiral,
          hangedman_eye_storm, hangedman_eye_storm, evilmike_abyss_exit_5,
          evilmike_abyss_exit_1, base: Elf:1, evilmike_abyss_exit_13, base: D:8,
          evilmike_abyss_exit_13, evilmike_abyss_exit_9, abyss_furniture_001,
          base: Crypt:2, hangedman_elemental_corridor, base: Crypt:2,
          evilmike_abyss_exit_1, base: Lair:2, base: Zot:1, base: Depths:5,
          evilmike_abyss_exit_2, serial_sigils_hangedman_shear, base: D:5,
          evilmike_abyss_exit_4, evilmike_abyss_exit_7, evilmike_abyss_exit_1,
          base: Spider:2, minivault_1, hangedman_decor_riveting,
          evilmike_abyss_exit_14, evilmike_abyss_exit_2,
          guppyfry_abyss_exit_spiral_guarded,
          guppyfry_abyss_exit_spiral_guarded, base: D:13, base: Orc:2,
          hangedman_decor_riveting, evilmike_abyss_exit_7, base: Temple, base:
          Depths:4, evilmike_abyss_exit_17, evilmike_abyss_exit_17,
          minivault_24, hangedman_decor_points, evilmike_abyss_exit_13, base:
          Lair:2, evilmike_abyss_exit_5, guppyfry_abyss_exit_spiral_guarded,
          base: D:8, guppyfry_abyss_exit_spiral_guarded, base: Zot:1,
          evilmike_abyss_exit_3, abyss_greek_temple, evilmike_abyss_exit_11,
          base: D:6, base: D:8, evilmike_abyss_exit_6, evilmike_abyss_exit_6,
          base: Vaults:3, evilmike_abyss_exit_8, evilmike_abyss_exit_8,
          evilmike_abyss_exit_5, abyss_exit_lava, base: D:3,
          evilmike_abyss_exit_6, base: Depths:2, evilmike_abyss_exit_4, base:
          Temple, abyss_furniture_001, hangedman_abyss_or_decor_slice,
          evilmike_abyss_exit_7, evilmike_abyss_exit_6, base: D:15, base: D:2,
          evilmike_abyss_exit_11, hangedman_glass_garden,
          evilmike_abyss_exit_11, minivault_23, evilmike_abyss_exit_8, base:
          D:8, bh_abyss_xom_lugonu_altar, onia_ninara_dug_in_and_dangerous,
          hangedman_elemental_corridor, evilmike_abyss_exit_1, base: Slime:2,
          bh_abyss_negative, base: D:6, bh_abyss_exit_grid,
          evilmike_abyss_exit_1, minivault_26, base: Lair:3,
          evilmike_abyss_exit_4, base: Lair:3, base: Zot:4, base: D:8, base:
          D:12, minivault_27, evilmike_abyss_exit_8, bh_abyss_exit_grid, base:
          Depths:2, evilmike_abyss_exit_1, abyss_exit_lava,
          hangedman_abyss_stitches_cave, base: Depths:2, base: Depths:4, base:
          Slime:4, hangedman_abyss_feature_spike, serial_sigils_hangedman_snap,
          evilmike_abyss_exit_4, hangedman_abyss_or_decor_jellyfish_corner,
          hangedman_abyss_feature_spike,
          hangedman_abyss_or_decor_jellyfish_corner, evilmike_abyss_exit_3,
          hangedman_abyss_shoalhut, base: D:9, evilmike_abyss_exit_13, base:
          Lair:2, base: Vaults:3, evilmike_abyss_exit_8, evilmike_abyss_exit_13,
          base: Vaults:3, bh_abyss_exit_spiral, bh_abyss_exit_spiral,
          evilmike_abyss_exit_6, base: D:2, base: Orc:1,
          hangedman_classic_abyss_death, evilmike_abyss_exit_6,
          evilmike_abyss_exit_6, bh_silent_lugonu_exit, base:
Zot:1

Skill      XL: |  1  2  3  4  5  6  7  8  9 10 11 12 13 14 15 16 17 18 19 20 21 22 23 24 25 26 27 |
---------------+----------------------------------------------------------------------------------+-----
Fighting       | 4 5 6 8 9 10 11 12 14 15 17 19 21 22 22 24 25 26 27 | 27.0
Armour         | 1 3 4 6 8 10 11 12 14 15 16 15 16 18 19 20 27 | 27.0
Maces & Flails | 4 6 8 10 11 13 14 14 16 18 19 27 | 27.0
Shields        | 4 11 13 14 15 16 18 21 27 | 27.0
Evocations     | 2 13 | 13.4
Stealth        | 0 |  0.0
Spellcasting   | 12 | 12.7
Conjurations   | 13 | 13.4
Long Blades    | 17 | 17.0
Dodging        | 11 | 11.7
Air Magic      | 8 |  8.2
Fire Magic     | |  0.3

Action                   |  1- 3 |  4- 6 |  7- 9 | 10-12 | 13-15 | 16-18 | 19-21 | 22-24 | 25-27 || total
-------------------------+-------+-------+-------+-------+-------+-------+-------+-------+-------++-------
Melee: Mace              |    77 |    18 |       |       |       |       |       |       |       ||    95
       Flail             |       |   171 |     9 |       |  1227 |  1525 |  2067 |  2160 |  2485 ||  9644
       Morningstar       |       |       |   457 |  1343 |   391 |       |       |    66 |  4468 ||  6725
       Unarmed           |       |       |       |       |       |     6 |       |       |       ||     6
       Katana            |       |       |       |       |       |       |       |       |  9628 ||  9628
       Sacred scourge    |       |       |       |       |       |       |       |       |   506 ||   506
       Bite              |       |       |       |       |       |       |       |       |   249 ||   249
Throw: Stone             |       |     4 |       |       |       |       |       |       |       ||     4
       Dart              |       |     6 |    17 |    27 |       |    70 |     2 |       |     1 ||   123
       Boomerang         |       |       |     9 |     4 |       |       |       |       |       ||    13
 Cast: Lightning Bolt    |       |       |       |       |       |       |       |       |    13 ||    13
       Magic Dart        |       |       |       |       |       |       |       |       |     1 ||     1
Invok: Sacrifice Love    |       |       |     1 |       |       |       |       |       |       ||     1
       Reject Sacrifices |       |       |     1 |     1 |       |     2 |     2 |     1 |     1 ||     8
       Sacrifice Purity  |       |       |       |       |     1 |       |       |       |     1 ||     2
       Sacrifice Arcana  |       |       |       |       |     1 |       |       |       |       ||     1
       Draw Out Power    |       |       |       |       |       |     2 |       |     2 |     2 ||     6
       Sacrifice Stealth |       |       |       |       |       |       |     1 |       |       ||     1
       Sacrifice Skill   |       |       |       |       |       |       |     1 |       |       ||     1
       Apocalypse        |       |       |       |       |       |       |     6 |     5 |     6 ||    17
       Sacrifice Essence |       |       |       |       |       |       |     1 |     1 |       ||     2
       Power Leap        |       |       |       |       |       |       |       |     1 |       ||     1
       Call Merchant     |       |       |       |       |       |       |       |       |     7 ||     7
       Potion Petition   |       |       |       |       |       |       |       |       |     3 ||     3
 Abil: Fly               |       |       |       |       |     6 |     2 |       |     3 |    21 ||    32
       Stop Flying       |       |       |       |       |     6 |     1 |     1 |     3 |    22 ||    33
       Blink             |       |       |       |       |       |       |       |       |     2 ||     2
Evoke: Wand              |       |       |       |       |     3 |     4 |       |     8 |     7 ||    22
       Lightning rod     |       |       |       |       |       |     7 |       |       |     1 ||     8
       Phial of floods   |       |       |       |       |       |     2 |       |     1 |     1 ||     4
       Tin of tremorston |       |       |       |       |       |     3 |     1 |     1 |     9 ||    14
  Use: Potion            |       |       |       |     7 |       |     1 |       |     3 |    20 ||    31
       Scroll            |       |       |       |    11 |     7 |    11 |    10 |     9 |    54 ||   102
 Stab: Distracted        |       |       |       |     2 |     8 |     1 |     5 |     9 |    96 ||   121
       Petrified         |       |       |       |       |     6 |       |       |       |     2 ||     8
       Invisible         |       |       |       |       |     2 |       |     8 |     5 |    38 ||    53
       Held in net/web   |       |       |       |       |       |     1 |       |       |       ||     1
       Paralysed         |       |       |       |       |       |       |     7 |     7 |    20 ||    34
       Petrifying        |       |       |       |       |       |       |       |       |     4 ||     4
       Confused          |       |       |       |       |       |       |       |       |     2 ||     2
  Eat: Chunk             |     2 |     7 |    17 |    25 |    37 |    38 |    52 |    40 |   105 ||   323
       Ration            |       |       |       |     2 |     1 |     3 |     2 |     5 |    60 ||    73
Armor: Robe              |     7 |       |       |       |       |       |       |       |       ||     7
       Scale mail        |    28 |    96 |   315 |  1140 |   175 |       |       |       |       ||  1754
       Plate armour      |       |       |       |       |   954 |  1172 |   708 |   644 |   985 ||  4463
       Gold dragon scale |       |       |       |       |       |       |       |       |  2308 ||  2308
Dodge: Dodged            |    41 |   112 |   274 |  1063 |   696 |   625 |   424 |   229 |  1373 ||  4837
Block: Kite shield       |       |       |       |       |       |   437 |  1060 |   238 |  8523 || 10258
       Reflection        |       |       |       |       |       |       |    29 |    86 |   255 ||   370
       Tower shield      |       |       |       |       |       |       |       |  1659 |  3470 ||  5129
       Rpst.: Katana     |       |       |       |       |       |       |       |       |   138 ||   138
